 Dungeon Crawl Stone Soup version 0.29.0-15-g675c0067aa (webtiles) character file.

Game seed: 8329587179990854007

523952 qw the Conqueror (level 24, -2/249 HPs)
             Began as a Minotaur Berserker on Sept 11, 2022.
             Was an Elder of Trog.
             Killed from afar by a purple draconian shifter (25 damage)
             ... with a bolt of dispelling energy
             ... led by a green draconian monk
             ... on level 5 of the Realm of Zot.
             The game lasted 00:26:12 (59466 turns).

qw the Conqueror (Minotaur Berserker)              Turns: 59466, Time: 00:26:13

Health: -2/249     AC: 42    Str: 35    XL:     24   Next: 20%
Magic:  22/22      EV: 20    Int: 11    God:    Trog [****..]
Gold:   523        SH: 30    Dex: 15    Spells: 23/23 levels left

rFire   + + +      SeeInvis .   D - +6 broad axe "Tonoisyk" {vorpal, rF+++ Will-}
rCold   + + +      Faith    .   v - +2 tower shield
rNeg    . . .      Spirit   .   w - +9 plate armour of the Arena {+Inv}
rPois   +          Reflect  +   s - +2 hat {Int+3}
rElec   .          Harm     .   d - +2 cloak {Will+}
rCorr   +          Rampage  .   q - +3 pair of gloves of Resonance {rF- Will+ Stlth+}
Will    +++..                   k - +0 pair of boots "Eczoyty" {rPois rF+ rC+ Str+3}
Stlth   ..........              I - amulet of reflection
HPRegen 0.51/turn               g - ring of Byegguir {rC++ rCorr Int+4 Dex+5}
MPRegen 0.18/turn               K - ring "Xiw Cuy" {Will+ EV+4}

@: on berserk cooldown, slowed, very slow
A: horns 2, retaliatory headbutt, fangs 1, weak 1, evolution 1
}: 3/15 runes: barnacled, silver, gossamer
a: Renounce Religion, Evoke Invisibility, Berserk, Trog's Hand, Brothers in Arms


You were on level 5 of the Realm of Zot.
You worshipped Trog.
Trog was greatly pleased with you.
You visited 8 branches of the dungeon, and saw 44 of its levels.
You visited the Abyss 1 time.
You also visited: Gauntlet.

You collected 4971 gold pieces.
You spent 4448 gold pieces at shops.


Innate Abilities, Weirdness & Mutations

You have a pair of horns on your head.
You reflexively headbutt those who attack you in melee.
You have very sharp teeth.
You are weak. (Str -2)
You have hidden genetic potential.


   Skills:
 O Level 27 Fighting
 - Level 20.0 Axes
 - Level 16.0 Throwing
 + Level 23.5 Armour
 - Level 16.0 Dodging
 - Level 23.0 Shields
 - Level 4.4 Evocations


You had 23 spell levels left.
You didn't know any spells.
Your spell library was empty.

Inventory:

Hand Weapons
 p - a +2 broad axe of venom
 D - the +6 broad axe "Tonoisyk" (weapon) {vorpal, rF+++ Will-}
   (Trog gifted it to you on level 2 of the Vaults)

   It inflicts extra damage upon your enemies.
   rF:        It renders you almost immune to fire.
   Will:      It decreases your willpower.
Missiles
 f - 34 boomerangs
 j - a silver javelin
 z - 6 javelins (quivered)
Armour
 d - a +2 cloak of willpower (worn)
 k - the +0 pair of boots "Eczoyty" (worn) {rPois rF+ rC+ Str+3}
   (You found it in a Gauntlet)

   Str:       It affects your strength (+3).
   rF:        It protects you from fire.
   rC:        It protects you from cold.
   rPois:     It protects you from poison.
 m - +0 gold dragon scales
 o - a +2 pair of gloves
 q - the +3 pair of gloves of Resonance (worn) {rF- Will+ Stlth+}
   (You bought it in a shop on level 3 of the Shoals)

   rF:        It makes you vulnerable to fire.
   Will:      It increases your willpower.
   Stlth:     It makes you more stealthy.
 s - a +2 hat of intelligence (worn)
 v - a +2 tower shield (worn)
 w - the +9 plate armour of the Arena (worn) {+Inv}
   (You found it on level 3 of the Realm of Zot)

   +Inv:      It lets you turn invisible.
 B - a +2 pair of boots
 H - a scarf of resistance
Jewellery
 g - the ring of Byegguir (left hand) {rC++ rCorr Int+4 Dex+5}
   (You found it on level 3 of the Realm of Zot)

   [ring of resist corrosion]

   Int:       It affects your intelligence (+4).
   Dex:       It affects your dexterity (+5).
   rC:        It greatly protects you from cold.
   rCorr:     It protects you from acid and corrosion.
 A - a ring of protection from fire
 I - an amulet of reflection (around neck)
 J - a +4 ring of protection
 K - the ring "Xiw Cuy" (right hand) {Will+ EV+4}
   (You acquired it on level 5 of the Vaults)

   [ring of evasion]

   EV:        It affects your evasion (+4).
   Will:      It increases your willpower.
 Y - the ring of Tesio {rPois rF- Str+6 Int+4 SInv}
   (You took it off an ironbound convoker on level 5 of the Vaults)

   [ring of strength]

   Str:       It affects your strength (+6).
   Int:       It affects your intelligence (+4).
   rF:        It makes you vulnerable to fire.
   rPois:     It protects you from poison.
   SInv:      It lets you see invisible.
Wands
 u - a wand of digging (7)
Scrolls
 a - 29 scrolls of teleportation
 b - a scroll of enchant weapon
 n - 24 scrolls of identify
 y - 7 scrolls of enchant armour
Potions
 c - 24 potions of curing
 e - 7 potions of might
 h - 12 potions of haste
 i - 3 potions of heal wounds
 l - 7 potions of mutation
 r - 4 potions of cancellation

Dungeon Overview and Level Annotations

Branches:
Dungeon (15/15)            Temple (0/1) D:4            Lair (5/5) D:11
 Shoals (4/4) Lair:2       Spider (4/4) Lair:3        Slime (0/5) Lair:5
    Orc (2/2) D:9             Elf (0/3) Orc:2        Vaults (5/5) D:14
  Crypt (0/3) Vaults:2     Depths (4/4) D:15            Zot (5/5) Depths:4
Gauntlet (visited)

Altars:
Cheibriados
Fedhas
Gozag
Hepliaklqana
Kikubaaqudgha
Okawaru
Ru
Sif Muna
Trog
Uskayaw
Vehumet
Wu Jian
Xom
Yredelemnul
Zin
Jiyva

Shops:
D:5 =[(   D:7 (   D:12 *   D:14 ?   Orc:1 (   Orc:2 :[(!   Shoals:3 *
Vaults:1 ?   Vaults:2 ?   Vaults:4 (   Vaults:5 *   Depths:1 *   Depths:3 =

Portals:
Hell: Depths:1 Depths:2 Depths:3 Depths:4
Abyss: Depths:3
Pandemonium: Depths:2 Depths:3
Ziggurat: Depths:1
Bazaar: Orc:2
Trove: Depths:4 (give +3 fire dragon scales)

Annotations:
Lair:3 1 runed translucent door
Spider:2 1 runed translucent door, qw's ghost, adept MiBe
Depths:2 2 transporters, Poanarph's ghost, veteran GrVM
Zot:2 6 transporters


Message History

The purple draconian shifter mumbles some strange words.
The purple draconian shifter blinks!
You block the green draconian monk's attack.
The green draconian monk kicks you but does no damage.
You block the green draconian monk's attack.
The green draconian monk closely misses you.
The white draconian stormcaller hits you but does no damage.
The green draconian monk hits you.
You block the green draconian monk's attack.
The green draconian monk tail-slaps you but does no damage.
The green draconian monk tail-slaps you.
The rime drake bites you but does no damage.
The storm dragon closely misses you.
The storm dragon claws you but does no damage.
The storm dragon misses you. The black draconian misses you.
You furiously retaliate!
You headbutt the black draconian!! You slice the green draconian monk!!
You kill the green draconian monk!
Trog accepts your kill.
You slice the rime drake!!
You kill the rime drake!
The rime drake's corpse disappears in a puff of smoke!
You slash the black draconian!
You slash the white draconian stormcaller!
You miss the green draconian monk. You slice the swamp drake!!
You kill the swamp drake!
The swamp drake's corpse disappears in a puff of smoke!
You hit the storm dragon but do no damage.
The white draconian stormcaller mumbles some strange prayers to Qazlal.
The green draconian monk closely misses you.
You block the green draconian monk's attack. x2
The green draconian monk tail-slaps you.
The storm dragon breathes lightning at you.
The bolt of lightning hits you!!!
The black draconian completely misses you.
The purple draconian shifter breathes dispelling energy at you.
The bolt of dispelling energy hits you!!
You feel strangely stable.
Your magical effects are unravelling.
You die...

#########+##
...........#
...........#
...........#
.....q....0#
.......[Dd.+
......[q@¤.#
..####)l¤q......
#....####..
.......#
........#
..........#
..........#
..........#


You could see a green draconian monk, a storm dragon (catching breath), a black
draconian, a purple draconian shifter (catching breath), a white draconian
stormcaller and a komodo dragon (summoned).

Vanquished Creatures
  An ancient lich (Vaults:5)
  A juggernaut (Depths:4)
  7 Killer Klowns
  Bai Suzhen (Vaults:5)
  Margery (Vaults:3)
  2 curse toes (Zot:1)
  8 golden dragons
  2 bone dragons
  Jory (Vaults:5)
  Arachne (Spider:3)
  11 tentacled monstrosities
  Mlioglotl (Shoals:1)
  4 titans (Vaults:5)
  Asterion (Spider:2)
  3 quicksilver dragons
  6 death cobs
  Kirke (Shoals:1)
  Agnes (Spider:3)
  11 sphinxes
  6 tengu reavers
  7 shadow dragons
  10 storm dragons
  3 draconian knights
  2 fire giants
  A rockslime (Zot:2)
  5 draconian monks
  2 deep elf sorcerers (Vaults:5)
  6 emperor scorpions
  6 vault wardens
  7 frost giants
  A cacodemon (Depths:2)
  8 ghost moths
  2 orc warlords
  6 draconian scorchers
  4 iron dragons
  4 draconian shifters
  Aizul (Shoals:1)
  7 draconian stormcallers
  20 ironbound preservers
  2 draconian annihilators
  5 broodmothers (Spider:4)
  31 very ugly things
  16 stone giants
  3 war gargoyles
  2 vampire knights
  4 ironbound thunderhulks
  9 black draconians
  11 green draconians
  11 yellow draconians
  11 spark wasps
  3 minotaurs
  A dire elephant (Vaults:1)
  A deep elf annihilator (Vaults:5)
  10 purple draconians
  8 white draconians
  A bunyip (shapeshifter) (Vaults:4)
  5 entropy weavers
  9 red draconians
  Snorg (D:13)
  A crystal guardian (Vaults:2)
  A deep elf death mage (Vaults:5)
  A merfolk javelineer (Shoals:3)
  8 ettins
  9 great orbs of eyes
  Josephine (D:13)
  6 fire dragons
  2 deep elf high priests (Vaults:5)
  10 yaktaur captains
  3 merfolk impalers
  4 jiangshi
  10 ice dragons
  8 rakshasas
  32 vault guards
  Erolcha (Orc:2)
  8 hydras
  2 spriggan air magi (Depths:4)
  4 ironbound frosthearts
  A catoblepas (D:13)
  9 boulder beetles
  3 jorogumos
  3 merfolk avatars
  4 ogre magi
  6 merfolk aquamancers
  5 radroaches
  19 centaur warriors
  A death knight (D:14)
  An alligator snapping turtle (Shoals:4)
  9 deep troll shamans
  11 two-headed ogres
  4 tengu warriors
  3 vampire magi
  7 deep troll earth magi
  14 satyrs
  8 hell hogs (Depths:3)
  13 death yaks (Lair:5)
  5 orc high priests
  A soul eater (Depths:3)
  Nergalle (Orc:2)
  4 spriggan berserkers
  5 hell knights
  A spriggan (Depths:4)
  6 sun moths
  10 iron trolls
  A shadow wraith (D:13)
  A deep troll (shapeshifter) (Vaults:5)
  4 skeletal warriors (D:13)
  A flayed ghost (Depths:3)
  3 pharaoh ants
  6 steelbarb worms
  64 deep trolls
  8 sea snakes
  6 orb spiders (Spider:4)
  A glowing orange brain (Depths:4)
  16 ironbound convokers
  A mana viper (shapeshifter) (Vaults:5)
  12 lindwurms
  6 wizards
  5 phantasmal warriors
  Pikel (D:6)
  10 orc knights
  20 fauns
  2 necromancers
  A wolf spider (shapeshifter) (Depths:3)
  12 harpies
  6 orc sorcerers
  56 ugly things
  20 wolf spiders
  22 manticores
  7 cyclopes
  22 moths of wrath
  10 elephants
  2 rust devils
  2 smoke demons
  A salamander (D:15)
  9 merfolk sirens
  18 vault sentinels
  A gargoyle (D:12)
  8 apocalypse crabs (Zot:1)
  A guardian serpent (Lair:5)
  6 black mambas
  7 cane toads (Lair:5)
  4 orange demons
  6 water nymphs
  4 unseen horrors
  A freezing wraith (Vaults:2)
  A tormentor (Depths:3)
  3 torpor snails
  A rime drake (Lair:5)
  7 demonic crawlers
  7 komodo dragons
  5 tengu conjurers
  2 ice devils
  22 yaktaurs
  26 merfolk
  A meliai (shapeshifter) (D:13)
  2 polar bears
  Prince Ribbit (D:6)
  11 trolls
  6 meliai
  23 tarantellas
  14 blink frogs
  5 hornets
  3 wind drakes
  21 dream sheep
  17 slime creatures
  12 snapping turtles
  14 jumping spiders
  Sigmund (D:6)
  16 culicivoras
  3 shadows (D:11)
  24 water elementals
  8 wraiths
  17 yaks
  2 ynoxinuls
  8 basilisks
  A vampire (D:13)
  15 wyverns
  3 large abominations (Gauntlet)
  A hog (Shoals:1)
  4 steam dragons
  10 vampire mosquitoes
  51 redbacks
  A neqoxec (Depths:3)
  3 wargs (Orc:2)
  5 small abominations
  An acid dragon (shapeshifter) (Depths:1)
  14 water moccasins
  Duvessa (D:4)
  3 acid dragons
  A meliai simulacrum (D:15)
  2 ice beasts
  26 orc warriors
  2 sky beasts
  6 wolves
  15 ogres
  20 centaurs
  2 boggarts (Vaults:4)
  3 phantoms
  A kobold brigand (D:10)
  3 lemures (D:6)
  5 bullfrogs
  9 scorpions
  2 cane toad simulacra (Orc:2)
  2 two-headed ogre simulacra (Orc:2)
  Dowan (D:4)
  A hornet simulacrum (D:14)
  A troll zombie (D:9)
  15 killer bees
  2 howler monkeys
  7 electric eels
  10 hounds
  2 jellies (D:6)
  20 orc priests
  A gnoll bouda (D:8)
  4 iguanas
  2 iron imps (Gauntlet)
  22 orc wizards
  Natasha (thrice) (D:3)
  A troll simulacrum (Orc:2)
  5 hell rats (Lair:3)
  7 ogre zombies (D:9)
  8 gnolls
  3 naga simulacra (Orc:2)
  9 adders
  A shadow imp (D:7)
  3 white imps
  4 ufetubi
  2 worms
  5 dart slugs
  63 orcs
  2 bats
  7 endoplasms
  4 giant cockroaches
  8 goblins
  5 hobgoblins
  9 jackals
  A quokka (D:3)
  8 ball pythons
  2 frilled lizards (D:1)
  A goblin skeleton (D:9)
  4 goblin zombies (D:9)
  A hobgoblin skeleton (D:9)
  2 hobgoblin zombies (D:9)
  8 kobolds
  An orc skeleton (D:9)
  16 orc zombies (D:9)
  5 rats
  A spectral orc (D:7)
  A bush (Lair:5)
1758 creatures vanquished.

Vanquished Creatures (collateral kills)
  A curse toe (Zot:2)
  A tentacled monstrosity (Zot:2)
  A sphinx (Vaults:4)
  A frost giant (Vaults:5)
  An ironbound preserver (Vaults:5)
  2 very ugly things
  A dire elephant (D:15)
  2 entropy weavers
  3 spark wasps (Depths:3)
  A vault guard (D:14)
  A peacekeeper (Vaults:2)
  5 hydras
  2 centaur warriors (Vaults:2)
  A merfolk aquamancer (Shoals:3)
  An orc high priest (Orc:1)
  A pharaoh ant (Spider:3)
  2 iron trolls
  3 orb spiders
  A lindwurm (Vaults:4)
  2 orc sorcerers (Orc:2)
  A wolf spider (Spider:4)
  2 ugly things (Depths:1)
  A merfolk siren (Shoals:3)
  A demonic crawler (Spider:4)
  3 merfolk (Shoals:3)
  2 tarantellas
  A jumping spider (Spider:4)
  A vampire (D:12)
  A water elemental (Shoals:3)
  2 vampire mosquitoes (D:12)
  3 redbacks
  2 orc warriors (Orc:1)
  A boggart (Vaults:4)
  An orc priest (Orc:1)
  6 orc wizards
  5 orcs
66 creatures vanquished.

Vanquished Creatures (others)
  A sea snake (Shoals:1)
  A deep troll (Vaults:1)
  A wizard (Gauntlet)
  An orc wizard (Orc:2)
  3 orcs (Orc:2)
  2 bushes
  25 fungi
  134 plants
  2 withered plants (Gauntlet)
170 creatures vanquished.

Grand Total: 1994 creatures vanquished

Notes
Turn   | Place    | Note
-------+----------+-------------------------------------------
     0 | D:1      | qw the Minotaur Berserker began the quest for the Orb.
     0 | D:1      | Reached XP level 1. HP: 19/19 MP: 0/0
     0 | D:1      | 0 ||| qw: Version: 0.1-a-119-g272c26d
     0 | D:1      | 0 ||| qw: Game counter: 10655
     0 | D:1      | 0 ||| qw: Always use a shield: true
     0 | D:1      | 0 ||| qw: Do Orc after D:15 true
     0 | D:1      | 0 ||| qw: Do second Lair branch before Depths: true
     0 | D:1      | 0 ||| qw: Lair rune preference: random
     0 | D:1      | 0 ||| qw: Plans: Normal
     0 | D:1      | 0 ||| PLANNING D:1-11
    39 | D:1      | 39 ||| Stepping ~*~*~tactically~*~*~ (stealth).
    40 | D:1      | 40 ||| Stepping ~*~*~tactically~*~*~ (stealth).
    41 | D:1      | Found a faded altar of an unknown god.
    42 | D:1      | 42 ||| Stepping ~*~*~tactically~*~*~ (stealth).
    79 | D:1      | 79 ||| Stepping ~*~*~tactically~*~*~ (stealth).
    80 | D:1      | 80 ||| Stepping ~*~*~tactically~*~*~ (stealth).
    88 | D:1      | 88 ||| Stepping ~*~*~tactically~*~*~ (hiding).
    89 | D:1      | 89 ||| Stepping ~*~*~tactically~*~*~ (hiding).
   114 | D:1      | Reached XP level 2. HP: 26/26 MP: 1/1
   843 | D:1      | 843 ||| UPGRADING to +0 ring mail.
   853 | D:1      | 853 ||| DROPPING +0 animal skin.
   854 | D:1      | 854 ||| READING scroll labelled CUUVUC ZAXKITA.
   855 | D:1      | 855 ||| READING scroll labelled HOJERREXA ROSIASAH.
   858 | D:1      | 858 ||| READING scroll labelled XEOKHL OSKACK.
   859 | D:1      | 859 ||| READING scroll labelled SIOQUWKANYO.
   860 | D:1      | 860 ||| READING scroll labelled HEDWOQUTELI.
   861 | D:1      | 861 ||| Stepping randomly (stuck).
   862 | D:1      | 862 ||| Stepping ~*~*~tactically~*~*~ (cloud).
   869 | D:1      | HP: 6/26 [poisoned by you (poison gas)]
  1220 | D:2      | Reached XP level 3. HP: 31/31 MP: 2/2
  1242 | D:2      | 1242 ||| DROPPING +0 club.
  1317 | D:2      | 1317 ||| DROPPING +0 whip.
  1443 | D:2      | Reached ** piety under Trog
  1576 | D:2      | Reached skill level 1 in Throwing
  1576 | D:2      | Reached XP level 4. HP: 35/39 MP: 3/3
  1695 | D:2      | Identified the +4 hand axe of Departure {vorpal, Str+2}
  1697 | D:2      | 1697 ||| SWAPPING to +4 hand axe of Departure {vorpal,
                  | Str+2}.
  1698 | D:2      | 1698 ||| DROPPING +0 hand axe.
  1749 | D:2      | 1749 ||| UPGRADING to amulet of regeneration.
  1754 | D:2      | 1754 ||| DRINKING 3 silvery potions.
  1828 | D:3      | 1828 ||| DROPPING +0 flail.
  1845 | D:3      | 1845 ||| Stepping ~*~*~tactically~*~*~ (hiding).
  1847 | D:3      | 1847 ||| Stepping ~*~*~tactically~*~*~ (hiding).
  1849 | D:3      | 1849 ||| Stepping ~*~*~tactically~*~*~ (hiding).
  1850 | D:3      | 1850 ||| Stepping ~*~*~tactically~*~*~ (hiding).
  1856 | D:3      | Noticed Natasha
  1857 | D:3      | 1857 ||| INVOKING Berserk.
  1861 | D:3      | Killed Natasha
  1862 | D:3      | Reached skill level 6 in Axes
  1952 | D:3      | 1952 ||| Stepping ~*~*~tactically~*~*~ (stealth).
  2078 | D:3      | Noticed Natasha
  2079 | D:3      | 2079 ||| Stepping ~*~*~tactically~*~*~ (stealth).
  2083 | D:3      | 2083 ||| INVOKING Berserk.
  2087 | D:3      | Killed Natasha
  2158 | D:3      | Noticed Natasha
  2160 | D:3      | 2160 ||| INVOKING Berserk.
  2160 | D:3      | Killed Natasha
  2161 | D:3      | Reached XP level 5. HP: 45/45 MP: 4/4
  2533 | D:3      | 2533 ||| READING scroll labelled ORGHAZ JALLALISAU.
  2534 | D:3      | 2534 ||| READING scroll labelled SAMURISEIM.
  2535 | D:3      | 2535 ||| DRINKING 2 black potions.
  2536 | D:3      | 2536 ||| DROPPING potion of attraction.
  2573 | D:4      | Found a staircase to the Ecumenical Temple.
  2576 | D:4      | 2576 ||| Stepping ~*~*~tactically~*~*~ (stealth).
  2585 | D:4      | Reached skill level 4 in Fighting
  2694 | D:4      | Reached XP level 6. HP: 52/52 MP: 5/5
  2701 | D:4      | 2701 ||| Stepping ~*~*~tactically~*~*~ (hiding).
  2706 | D:4      | 2706 ||| INVOKING Berserk.
  2855 | D:4      | Noticed Dowan
  2856 | D:4      | Noticed Duvessa
  2857 | D:4      | 2857 ||| Stepping ~*~*~tactically~*~*~ (hiding).
  2860 | D:4      | 2860 ||| INVOKING Berserk.
  2862 | D:4      | Killed Duvessa
  2864 | D:4      | Killed Dowan
  2865 | D:4      | Reached skill level 9 in Axes
  3102 | D:4      | Reached *** piety under Trog
  3156 | D:4      | Reached XP level 7. HP: 60/60 MP: 6/6
  3156 | D:4      | 3156 ||| Stepping ~*~*~tactically~*~*~ (stealth).
  3200 | D:4      | 3200 ||| Stepping ~*~*~tactically~*~*~ (stealth).
  3202 | D:4      | 3202 ||| Stepping ~*~*~tactically~*~*~ (stealth).
  3204 | D:4      | 3204 ||| Stepping ~*~*~tactically~*~*~ (hiding).
  3211 | D:4      | Reached skill level 5 in Fighting
  3242 | D:4      | Found a hazy altar of Hepliaklqana.
  3364 | D:4      | 3364 ||| UPGRADING to +0 scale mail.
  3374 | D:4      | 3374 ||| DROPPING +0 ring mail.
  3375 | D:4      | 3375 ||| READING scroll labelled KUV HESKICSIR.
  3376 | D:4      | 3376 ||| READING 2 scrolls labelled PIZAJUM MOJE.
  3377 | D:4      | 3377 ||| DRINKING 2 fuming black potions.
  3391 | D:5      | Entered Level 5 of the Dungeon
  3391 | D:5      | Found a hide-covered altar of Uskayaw.
  3399 | D:5      | Noticed a +0 dagger
  3399 | D:5      | Noticed a +0 dagger
  3451 | D:5      | Found Xakesong's Weapon Boutique.
  3497 | D:5      | Found Hoth's Jewellery Shop.
  3529 | D:5      | Found Summob's Antique Armour Shop.
  3532 | D:5      | 3532 ||| BUYING embroidered cloak (187 gold).
  3532 | D:5      | Bought an embroidered cloak for 187 gold pieces
  3532 | D:5      | 3532 ||| SHOPLISTING glowing ring mail (175 gold, have 86).
  3532 | D:5      | 3532 ||| SHOPLISTING pitted plate armour (700 gold, have
                  | 86).
  3532 | D:5      | 3532 ||| SHOPLISTING shiny chain mail (187 gold, have 86).
  3599 | D:5      | 3599 ||| INVOKING Berserk.
  3603 | D:5      | HP: 22/91 [poisoned by a water moccasin]
  3605 | D:5      | HP: 9/61 [poisoned by a water moccasin]
  3608 | D:5      | HP: 4/61 [poisoned by a water moccasin]
  3698 | D:5      | 3698 ||| Stepping ~*~*~tactically~*~*~ (stealth).
  3810 | D:5      | 3810 ||| Stepping ~*~*~tactically~*~*~ (stealth).
  3814 | D:5      | 3814 ||| Stepping ~*~*~tactically~*~*~ (stealth).
  3816 | D:5      | 3816 ||| Stepping ~*~*~tactically~*~*~ (stealth).
  3817 | D:5      | 3817 ||| Stepping ~*~*~tactically~*~*~ (stealth).
  3888 | D:5      | Reached skill level 6 in Fighting
  3920 | D:5      | Reached XP level 8. HP: 71/71 MP: 7/7
  3929 | D:5      | 3929 ||| Stepping ~*~*~tactically~*~*~ (stealth).
  3933 | D:5      | Found a blossoming altar of Fedhas.
  4133 | D:5      | 4133 ||| UPGRADING to +0 chain mail.
  4143 | D:5      | 4143 ||| UPGRADING to +1 cloak.
  4148 | D:5      | 4148 ||| DROPPING +0 scale mail.
  4149 | D:5      | 4149 ||| UPGRADING to +6 ring of strength.
  4150 | D:5      | 4150 ||| READING scroll labelled HIKICKILUO.
  4151 | D:5      | 4151 ||| READING scroll labelled GIOMAA FOJEYKE.
  4152 | D:5      | 4152 ||| READING 2 scrolls of identify.
  4152 | D:5      | 4152 ||| IDENTIFYING green potion
  4281 | D:6      | Noticed Sigmund
  4282 | D:6      | 4282 ||| Stepping ~*~*~tactically~*~*~ (hiding).
  4283 | D:6      | 4283 ||| Stepping ~*~*~tactically~*~*~ (hiding).
  4289 | D:6      | 4289 ||| INVOKING Berserk.
  4292 | D:6      | Reached skill level 3 in Armour
  4294 | D:6      | Killed Sigmund
  4457 | D:6      | 4457 ||| INVOKING Berserk.
  4716 | D:6      | 4716 ||| INVOKING Berserk.
  4744 | D:6      | 4744 ||| Stepping ~*~*~tactically~*~*~ (stealth).
  4862 | D:6      | 4862 ||| INVOKING Berserk.
  4864 | D:6      | Reached skill level 12 in Axes
  4968 | D:6      | Noticed Prince Ribbit
  4969 | D:6      | 4969 ||| INVOKING Berserk.
  4973 | D:6      | Killed Prince Ribbit
  4974 | D:6      | Reached skill level 7 in Fighting
  5136 | D:6      | 5136 ||| INVOKING Berserk.
  5142 | D:6      | 5142 ||| STAIRDANCE
  5244 | D:5      | 5244 ||| DROPPING amulet of magic regeneration.
  5260 | D:6      | Found an iron altar of Okawaru.
  5306 | D:6      | Noticed Pikel
  5309 | D:6      | 5309 ||| INVOKING Berserk.
  5312 | D:6      | Killed Pikel
  5313 | D:6      | Reached XP level 9. HP: 79/79 MP: 8/8
  5450 | D:6      | 5450 ||| Stepping ~*~*~tactically~*~*~ (hiding).
  5544 | D:6      | 5544 ||| UPGRADING to +2 pair of gloves.
  5565 | D:6      | 5565 ||| Stepping ~*~*~tactically~*~*~ (stealth).
  5573 | D:6      | 5573 ||| Stepping ~*~*~tactically~*~*~ (stealth).
  5633 | D:5      | 5633 ||| SHOPLISTING +4 ring of protection (504 gold, have
                  | 135).
  5633 | D:5      | 5633 ||| SHOPLISTING amulet of Hulazor {RegenMP Str+4
                  | Dex+2} (694 gold, have 135).
  5633 | D:5      | 5633 ||| SHOPLISTING ring of protection from fire (350
                  | gold, have 135).
  5633 | D:5      | 5633 ||| SHOPLISTING ring of see invisible (210 gold, have
                  | 135).
  5697 | D:7      | 5697 ||| INVOKING Berserk.
  5702 | D:7      | Reached skill level 8 in Fighting
  5866 | D:7      | Found a burning altar of Makhleb.
  5869 | D:7      | Found a glowing silver altar of Zin.
  5869 | D:7      | Found a hide-covered altar of Uskayaw.
  5871 | D:7      | Found an ancient bone altar of Kikubaaqudgha.
  5871 | D:7      | Found a shimmering altar of Xom.
  5871 | D:7      | Found a sacrificial altar of Ru.
  5915 | D:7      | Found Juco Eninu's Weapon Shoppe.
  5984 | D:7      | 5984 ||| INVOKING Berserk.
  6188 | D:7      | Found a basalt altar of Yredelemnul.
  6340 | D:7      | 6340 ||| SWAPPING to +0 war axe.
  6341 | D:7      | 6341 ||| DROPPING +4 hand axe of Departure {vorpal, Str+2}.
  6346 | D:7      | 6346 ||| INVOKING Berserk.
  6553 | D:7      | 6553 ||| Stepping ~*~*~tactically~*~*~ (hiding).
  6722 | D:7      | 6722 ||| UPGRADING to +0 plate armour.
  6732 | D:7      | 6732 ||| DROPPING +0 chain mail.
  6733 | D:7      | 6733 ||| READING scroll labelled UDYGHA NOVIHIPT.
  6829 | D:8      | Found an opulent altar of Gozag.
  6911 | D:8      | 6911 ||| Stepping ~*~*~tactically~*~*~ (hiding).
  6915 | D:8      | 6915 ||| Stepping ~*~*~tactically~*~*~ (hiding).
  6921 | D:8      | 6921 ||| Stepping ~*~*~tactically~*~*~ (hiding).
  6924 | D:8      | 6924 ||| INVOKING Berserk.
  7180 | D:8      | 7180 ||| Stepping ~*~*~tactically~*~*~ (hiding).
  7185 | D:8      | Reached skill level 6 in Armour
  7321 | D:8      | 7321 ||| Stepping ~*~*~tactically~*~*~ (hiding).
  7335 | D:8      | 7335 ||| INVOKING Berserk.
  7475 | D:8      | 7475 ||| Stepping ~*~*~tactically~*~*~ (hiding).
  7484 | D:8      | 7484 ||| INVOKING Berserk.
  7816 | D:8      | Found a snail-covered altar of Cheibriados.
  7826 | D:8      | Found a shimmering blue altar of Sif Muna.
  7918 | D:8      | Found a glowing silver altar of Zin.
  8173 | D:8      | 8173 ||| Stepping ~*~*~tactically~*~*~ (cloud).
  8174 | D:8      | 8174 ||| INVOKING Berserk.
  8177 | D:8      | Reached XP level 10. HP: 88/88 MP: 9/9
  8412 | D:8      | 8412 ||| UPGRADING to ring of willpower.
  8413 | D:8      | 8413 ||| READING scroll labelled ELEWNUQEGE.
  8414 | D:8      | 8414 ||| DRINKING 2 inky potions.
  8415 | D:8      | 8415 ||| DRINKING 2 puce potions.
  8520 | D:8      | 8520 ||| READING 5 scrolls of identify.
  8520 | D:8      | 8520 ||| IDENTIFYING bubbling orange potion
  8521 | D:8      | 8521 ||| READING 4 scrolls of identify.
  8521 | D:8      | 8521 ||| IDENTIFYING sapphire potion
  8522 | D:8      | 8522 ||| READING 3 scrolls of identify.
  8522 | D:8      | 8522 ||| IDENTIFYING smoky puce potion
  8523 | D:8      | 8523 ||| DROPPING potion of berserk rage.
  8524 | D:8      | 8524 ||| DROPPING potion of flight.
  8525 | D:8      | 8525 ||| DROPPING potion of degeneration.
  8526 | D:8      | 8526 ||| DROPPING potion of lignification.
  8561 | D:9      | 8561 ||| STAIRDANCE
  8575 | D:9      | 8575 ||| STAIRDANCE
  8599 | D:9      | 8599 ||| STAIRDANCE
  8792 | D:9      | Reached **** piety under Trog
  8793 | D:9      | Reached skill level 15 in Axes
  8853 | D:9      | Found an ornate altar of the Wu Jian Council.
  8958 | D:9      | 8958 ||| Stepping ~*~*~tactically~*~*~ (stealth).
  8959 | D:9      | 8959 ||| Stepping ~*~*~tactically~*~*~ (stealth).
  8983 | D:9      | Found a staircase to the Orcish Mines.
  8987 | D:9      | 8987 ||| Stepping ~*~*~tactically~*~*~ (stealth).
  8988 | D:9      | 8988 ||| Stepping ~*~*~tactically~*~*~ (stealth).
  9000 | D:9      | 9000 ||| INVOKING Berserk.
  9011 | D:9      | Reached skill level 9 in Fighting
  9168 | D:9      | 9168 ||| Stepping ~*~*~tactically~*~*~ (hiding).
  9231 | D:9      | Paralysed by a hornet for 2 turns
  9235 | D:9      | Reached skill level 3 in Dodging
  9534 | D:9      | 9534 ||| UPGRADING to +0 kite shield.
  9570 | D:10     | Entered Level 10 of the Dungeon
  9571 | D:10     | 9571 ||| INVOKING Berserk.
  9577 | D:10     | 9577 ||| STAIRDANCE
  9771 | D:10     | Noticed a two-headed ogre
  9777 | D:10     | Reached skill level 1 in Shields
  9780 | D:10     | 9780 ||| INVOKING Berserk.
  9788 | D:10     | Killed a two-headed ogre
 10301 | D:10     | Reached skill level 6 in Shields
 10328 | D:10     | 10328 ||| FLEEEEING.
 10329 | D:10     | 10329 ||| FLEEEEING.
 10330 | D:10     | 10330 ||| FLEEEEING.
 10332 | D:10     | 10332 ||| FLEEEEING.
 10333 | D:10     | 10333 ||| FLEEEEING.
 10334 | D:10     | 10334 ||| FLEEEEING.
 10335 | D:10     | 10335 ||| FLEEEEING.
 10336 | D:10     | 10336 ||| FLEEEEING.
 10337 | D:10     | 10337 ||| FLEEEEING.
 10338 | D:10     | 10338 ||| FLEEEEING.
 10340 | D:10     | 10340 ||| FLEEEEING.
 10341 | D:10     | 10341 ||| FLEEEEING.
 10345 | D:10     | 10345 ||| FLEEEEING.
 10346 | D:10     | 10346 ||| FLEEEEING.
 10347 | D:10     | 10347 ||| FLEEEEING.
 10348 | D:10     | 10348 ||| FLEEEEING.
 10349 | D:10     | 10349 ||| FLEEEEING.
 10350 | D:10     | 10350 ||| FLEEEEING.
 10351 | D:10     | 10351 ||| FLEEEEING.
 10352 | D:10     | 10352 ||| FLEEEEING.
 10353 | D:10     | 10353 ||| FLEEEEING.
 10354 | D:10     | 10354 ||| FLEEEEING.
 10357 | D:10     | 10357 ||| FLEEEEING.
 10358 | D:10     | 10358 ||| FLEEEEING.
 10359 | D:10     | 10359 ||| FLEEEEING.
 10360 | D:10     | 10360 ||| FLEEEEING.
 10361 | D:10     | 10361 ||| Stepping ~*~*~tactically~*~*~ (hiding).
 10405 | D:10     | 10405 ||| FLEEEEING.
 10406 | D:10     | 10406 ||| FLEEEEING.
 10407 | D:10     | 10407 ||| FLEEEEING.
 10590 | D:10     | 10590 ||| Stepping ~*~*~tactically~*~*~ (hiding).
 10591 | D:10     | 10591 ||| Stepping ~*~*~tactically~*~*~ (hiding).
 10592 | D:10     | 10592 ||| Stepping ~*~*~tactically~*~*~ (hiding).
 10600 | D:10     | Reached XP level 11. HP: 97/97 MP: 10/10
 11161 | D:10     | 11161 ||| UPGRADING to +2 chain mail of cold resistance.
 11171 | D:10     | 11171 ||| READING scroll labelled IDOLUB NEWN.
 11375 | D:11     | 11375 ||| INVOKING Berserk.
 11387 | D:11     | Reached skill level 9 in Shields
 11387 | D:11     | Found a staircase to the Lair.
 11425 | D:11     | 11425 ||| FLEEEEING.
 11428 | D:11     | 11428 ||| INVOKING Berserk.
 11583 | D:11     | Noticed a two-headed ogre
 11588 | D:11     | 11588 ||| INVOKING Berserk.
 11592 | D:11     | Killed a two-headed ogre
 11969 | D:11     | Noticed a boulder beetle
 11972 | D:11     | 11972 ||| INVOKING Berserk.
 11986 | D:11     | Killed a boulder beetle
 12189 | D:11     | 12189 ||| INVOKING Berserk.
 12195 | D:11     | Reached skill level 3 in Throwing
 12306 | D:11     | 12306 ||| PLANNING LAIR
 12306 | D:11     | 12306 ||| DROPPING ring of flight.
 12307 | D:11     | 12307 ||| READING 6 scrolls of identify.
 12307 | D:11     | 12307 ||| IDENTIFYING lumpy puce potion
 12352 | Lair:1   | Entered Level 1 of the Lair of Beasts
 12621 | Lair:1   | 12621 ||| READING scroll of enchant weapon.
 12621 | Lair:1   | 12621 ||| ENCHANTING +0 war axe of protection.
 12632 | Lair:1   | 12632 ||| READING scroll of enchant weapon.
 12632 | Lair:1   | 12632 ||| ENCHANTING +1 war axe of protection.
 12726 | Lair:1   | 12726 ||| INVOKING Berserk.
 12870 | Lair:1   | 12870 ||| INVOKING Berserk.
 13302 | Lair:2   | 13302 ||| INVOKING Berserk.
 13412 | Lair:2   | 13412 ||| Stepping ~*~*~tactically~*~*~ (stealth).
 13413 | Lair:2   | 13413 ||| Stepping ~*~*~tactically~*~*~ (stealth).
 13415 | Lair:2   | 13415 ||| Stepping ~*~*~tactically~*~*~ (stealth).
 13417 | Lair:2   | 13417 ||| Stepping ~*~*~tactically~*~*~ (stealth).
 13418 | Lair:2   | 13418 ||| INVOKING Berserk.
 13434 | Lair:2   | Reached skill level 10 in Fighting
 13668 | Lair:2   | Found a staircase to the Shoals.
 13742 | Lair:2   | 13742 ||| INVOKING Berserk.
 13853 | Lair:2   | Noticed a seven-headed hydra
 13854 | Lair:2   | 13854 ||| INVOKING Brothers in Arms.
 13855 | Lair:2   | 13855 ||| INVOKING Brothers in Arms.
 13856 | Lair:2   | 13856 ||| SWAPPING to +1 hand axe of flaming.
 13857 | Lair:2   | 13857 ||| INVOKING Berserk.
 13859 | Lair:2   | Killed a five-headed hydra
 13877 | Lair:2   | 13877 ||| SWAPPING to +2 war axe of protection.
 14321 | Lair:2   | 14321 ||| UPGRADING to +2 cloak.
 14331 | Lair:2   | 14331 ||| DROPPING +1 cloak.
 14332 | Lair:2   | 14332 ||| READING 6 scrolls of identify.
 14332 | Lair:2   | 14332 ||| IDENTIFYING metallic white potion
 14341 | Lair:3   | 14341 ||| PLANNING GAUNTLET
 14379 | Lair:3   | Found a gate leading to a gauntlet.
 14388 | Gauntlet | Entered a Gauntlet
 14388 | Gauntlet | Found a transporter.
 14398 | Gauntlet | Found a transporter.
 14400 | Gauntlet | Noticed a wizard
 14412 | Gauntlet | Found a transporter.
 14417 | Gauntlet | Found a transporter.
 14423 | Gauntlet | Noticed a hell hog
 14437 | Gauntlet | Found a transporter.
 14448 | Gauntlet | Noticed a large abomination
 14452 | Gauntlet | Found a transporter.
 14461 | Gauntlet | Found a transporter.
 14468 | Gauntlet | Noticed a thrashing horror
 14476 | Gauntlet | Found a transporter.
 14478 | Gauntlet | Noticed an eight-headed hydra
 14482 | Gauntlet | Found a transporter.
 14484 | Gauntlet | Found a transporter.
 14486 | Gauntlet | Found a transporter.
 14505 | Gauntlet | Found a transporter.
 14505 | Gauntlet | Noticed a ghost crab
 14517 | Gauntlet | Found a transporter.
 14534 | Gauntlet | Found a transporter.
 14551 | Gauntlet | Found a transporter.
 14553 | Gauntlet | Found a transporter.
 14580 | Gauntlet | Found a transporter.
 14602 | Gauntlet | Found a transporter.
 14805 | Gauntlet | Reached XP level 12. HP: 94/106 MP: 11/11
 14859 | Gauntlet | 14859 ||| INVOKING Trog's Hand.
 14860 | Gauntlet | 14860 ||| Stepping ~*~*~tactically~*~*~ (hiding).
 14935 | Gauntlet | Identified the +0 pair of boots "Eczoyty" {rPois rF+ rC+
                  | Str+3}
 14939 | Gauntlet | 14939 ||| UPGRADING to +0 pair of boots "Eczoyty" {rPois
                  | rF+ rC+ Str+3}.
 14944 | Gauntlet | 14944 ||| UPGRADING to +0 plate armour.
 14974 | Gauntlet | 14974 ||| Stepping randomly (stuck).
 14975 | Gauntlet | 14975 ||| Stepping randomly (stuck).
 14976 | Gauntlet | 14976 ||| Stepping randomly (stuck).
 14977 | Gauntlet | 14977 ||| Stepping randomly (stuck).
 14978 | Gauntlet | 14978 ||| Stepping randomly (stuck).
 14999 | Gauntlet | 14999 ||| Stepping randomly (stuck).
 15000 | Gauntlet | 15000 ||| Stepping randomly (stuck).
 15001 | Gauntlet | 15001 ||| Stepping randomly (stuck).
 15002 | Gauntlet | 15002 ||| Stepping randomly (stuck).
 15003 | Gauntlet | 15003 ||| Stepping randomly (stuck).
 15004 | Gauntlet | 15004 ||| Stepping randomly (stuck).
 15005 | Gauntlet | 15005 ||| Stepping randomly (stuck).
 15006 | Gauntlet | 15006 ||| Stepping randomly (stuck).
 15008 | Gauntlet | 15008 ||| Stepping randomly (stuck).
 15009 | Gauntlet | 15009 ||| Stepping randomly (stuck).
 15010 | Gauntlet | 15010 ||| Stepping randomly (stuck).
 15011 | Gauntlet | 15011 ||| Stepping randomly (stuck).
 15012 | Gauntlet | 15012 ||| Stepping randomly (stuck).
 15013 | Gauntlet | 15013 ||| Stepping randomly (stuck).
 15014 | Gauntlet | 15014 ||| Stepping randomly (stuck).
 15015 | Gauntlet | 15015 ||| Stepping randomly (stuck).
 15016 | Gauntlet | 15016 ||| Stepping randomly (stuck).
 15017 | Gauntlet | 15017 ||| Stepping randomly (stuck).
 15018 | Gauntlet | 15018 ||| Stepping randomly (stuck).
 15019 | Gauntlet | 15019 ||| Stepping randomly (stuck).
 15020 | Gauntlet | 15020 ||| Stepping randomly (stuck).
 15021 | Gauntlet | 15021 ||| Stepping randomly (stuck).
 15022 | Gauntlet | 15022 ||| Stepping randomly (stuck).
 15023 | Gauntlet | 15023 ||| Stepping randomly (stuck).
 15024 | Gauntlet | 15024 ||| Stepping randomly (stuck).
 15025 | Gauntlet | 15025 ||| Stepping randomly (stuck).
 15026 | Gauntlet | 15026 ||| Stepping randomly (stuck).
 15027 | Gauntlet | 15027 ||| Stepping randomly (stuck).
 15028 | Gauntlet | 15028 ||| Stepping randomly (stuck).
 15029 | Gauntlet | 15029 ||| Stepping randomly (stuck).
 15036 | Gauntlet | 15036 ||| Stepping randomly (stuck).
 15037 | Gauntlet | 15037 ||| Stepping randomly (stuck).
 15038 | Gauntlet | 15038 ||| Stepping randomly (stuck).
 15039 | Gauntlet | 15039 ||| Stepping randomly (stuck).
 15040 | Gauntlet | 15040 ||| Stepping randomly (stuck).
 15041 | Gauntlet | 15041 ||| Stepping randomly (stuck).
 15042 | Gauntlet | 15042 ||| Stepping randomly (stuck).
 15043 | Gauntlet | 15043 ||| Stepping randomly (stuck).
 15044 | Gauntlet | 15044 ||| Stepping randomly (stuck).
 15045 | Gauntlet | 15045 ||| Stepping randomly (stuck).
 15046 | Gauntlet | 15046 ||| Stepping randomly (stuck).
 15047 | Gauntlet | 15047 ||| Stepping randomly (stuck).
 15048 | Gauntlet | 15048 ||| Stepping randomly (stuck).
 15049 | Gauntlet | 15049 ||| Stepping randomly (stuck).
 15060 | Gauntlet | 15060 ||| Stepping randomly (stuck).
 15061 | Gauntlet | 15061 ||| Stepping randomly (stuck).
 15063 | Gauntlet | 15063 ||| Stepping randomly (stuck).
 15064 | Gauntlet | 15064 ||| Stepping randomly (stuck).
 15065 | Gauntlet | 15065 ||| Stepping randomly (stuck).
 15066 | Gauntlet | 15066 ||| Stepping randomly (stuck).
 15067 | Gauntlet | 15067 ||| Stepping randomly (stuck).
 15069 | Gauntlet | 15069 ||| Stepping randomly (stuck).
 15070 | Gauntlet | 15070 ||| Stepping randomly (stuck).
 15072 | Gauntlet | 15072 ||| Stepping randomly (stuck).
 15074 | Gauntlet | 15074 ||| Stepping randomly (stuck).
 15075 | Gauntlet | 15075 ||| Stepping randomly (stuck).
 15076 | Gauntlet | 15076 ||| Stepping randomly (stuck).
 15082 | Gauntlet | Reached skill level 9 in Armour
 15117 | Gauntlet | Identified the +2 flail of a Labyrinth {antimagic, +Blink
                  | Str-4 Int+4 Stlth+}
 15117 | Gauntlet | Identified the +1 buckler of the Usurping Gods {Drain +Inv
                  | rN+++ Dex-4}
 15117 | Gauntlet | Identified the ring "Tituatus" {rPois Will+ Str-2 Dex+2}
 15117 | Gauntlet | Noticed a minotaur
 15118 | Gauntlet | 15118 ||| INVOKING Berserk.
 15139 | Gauntlet | Killed a minotaur
 15214 | Gauntlet | Identified the +1 leather armour of Responsibility {Harm
                  | rC+ Stlth+}
 15216 | Gauntlet | Identified the +0 hat "Osmenter" {Str+2}
 15220 | Gauntlet | 15220 ||| UPGRADING to +0 hat "Osmenter" {Str+2}.
 15228 | Lair:3   | 15228 ||| PLANNING LAIR
 15279 | Lair:3   | 15279 ||| INVOKING Berserk.
 15440 | Lair:3   | Found a hole to the Spider Nest.
 15473 | Lair:3   | 15473 ||| Stepping ~*~*~tactically~*~*~ (hiding).
 15504 | Lair:3   | Noticed a seven-headed hydra
 15505 | Lair:3   | 15505 ||| INVOKING Brothers in Arms.
 15506 | Lair:3   | 15506 ||| INVOKING Brothers in Arms.
 15507 | Lair:3   | 15507 ||| INVOKING Brothers in Arms.
 15508 | Lair:3   | 15508 ||| INVOKING Brothers in Arms.
 15509 | Lair:3   | 15509 ||| SWAPPING to +1 hand axe of flaming.
 15510 | Lair:3   | 15510 ||| INVOKING Berserk.
 15513 | Lair:3   | Killed a four-headed hydra
 15518 | Lair:3   | 15518 ||| SWAPPING to +2 war axe of protection.
 15732 | Lair:3   | Reached skill level 11 in Fighting
 15842 | Lair:3   | Found a runed translucent door.
 15847 | Lair:3   | Found the +5 demon whip "Spellbinder" {antimagic, Will+}
 16107 | Lair:3   | Noticed a five-headed hydra
 16271 | Lair:3   | 16271 ||| UPGRADING to +2 tower shield.
 16281 | Lair:3   | 16281 ||| DROPPING +0 kite shield.
 16303 | Lair:3   | 16303 ||| INVOKING Brothers in Arms.
 16304 | Lair:3   | 16304 ||| INVOKING Brothers in Arms.
 16306 | Lair:3   | 16306 ||| SWAPPING to +1 hand axe of flaming.
 16307 | Lair:3   | 16307 ||| INVOKING Berserk.
 16310 | Lair:3   | Killed a two-headed hydra
 16311 | Lair:3   | Reached skill level 12 in Shields
 16317 | Lair:3   | 16317 ||| SWAPPING to +2 war axe of protection.
 16606 | Lair:4   | Noticed a six-headed hydra
 16609 | Lair:4   | 16609 ||| SWAPPING to +1 hand axe of flaming.
 16610 | Lair:4   | 16610 ||| INVOKING Berserk.
 16612 | Lair:4   | Killed a five-headed hydra
 16628 | Lair:4   | 16628 ||| SWAPPING to +2 war axe of protection.
 16658 | Lair:4   | 16658 ||| FLEEEEING.
 16668 | Lair:4   | 16668 ||| Stepping ~*~*~tactically~*~*~ (stealth).
 16712 | Lair:4   | 16712 ||| Stepping ~*~*~tactically~*~*~ (stealth).
 16715 | Lair:4   | 16715 ||| Stepping ~*~*~tactically~*~*~ (stealth).
 16719 | Lair:4   | 16719 ||| Stepping ~*~*~tactically~*~*~ (stealth).
 16728 | Lair:4   | 16728 ||| Stepping ~*~*~tactically~*~*~ (stealth).
 16778 | Lair:4   | 16778 ||| Stepping ~*~*~tactically~*~*~ (stealth).
 17276 | Lair:4   | 17276 ||| FLEEEEING.
 17277 | Lair:4   | 17277 ||| FLEEEEING.
 17278 | Lair:4   | 17278 ||| FLEEEEING.
 17342 | Lair:4   | 17342 ||| UPGRADING to ring of see invisible.
 17344 | Lair:4   | 17344 ||| DROPPING ring of ice.
 17345 | Lair:4   | 17345 ||| UPGRADING to +6 ring of strength.
 17379 | Lair:5   | Entered Level 5 of the Lair of Beasts
 17384 | Lair:5   | 17384 ||| INVOKING Berserk.
 17391 | Lair:5   | 17391 ||| STAIRDANCE
 17528 | Lair:5   | 17528 ||| INVOKING Berserk.
 17549 | Lair:5   | Reached XP level 13. HP: 116/116 MP: 12/12
 17664 | Lair:5   | 17664 ||| Stepping ~*~*~tactically~*~*~ (stealth).
 17665 | Lair:5   | 17665 ||| Stepping ~*~*~tactically~*~*~ (stealth).
 17733 | Lair:5   | 17733 ||| DRINKING 3 potions of cancellation.
 17734 | Lair:5   | 17734 ||| INVOKING Berserk.
 17747 | Lair:5   | Reached skill level 15 in Shields
 17769 | Lair:5   | 17769 ||| INVOKING Brothers in Arms.
 17771 | Lair:5   | 17771 ||| SWAPPING to +1 hand axe of flaming.
 17774 | Lair:5   | 17774 ||| SWAPPING to +2 war axe of protection.
 17940 | Lair:5   | 17940 ||| Stepping ~*~*~tactically~*~*~ (stealth).
 17941 | Lair:5   | 17941 ||| Stepping ~*~*~tactically~*~*~ (stealth).
 17942 | Lair:5   | 17942 ||| Stepping ~*~*~tactically~*~*~ (stealth).
 18108 | Lair:5   | 18108 ||| INVOKING Berserk.
 18248 | Lair:5   | 18248 ||| INVOKING Berserk.
 18260 | Lair:5   | Reached skill level 12 in Fighting
 18395 | Lair:5   | 18395 ||| READING scroll of enchant weapon.
 18395 | Lair:5   | 18395 ||| ENCHANTING +2 war axe of protection.
 18431 | Lair:5   | 18431 ||| INVOKING Berserk.
 18567 | Lair:5   | 18567 ||| Stepping ~*~*~tactically~*~*~ (stealth).
 18569 | Lair:5   | 18569 ||| INVOKING Berserk.
 18629 | Lair:5   | 18629 ||| Stepping ~*~*~tactically~*~*~ (stealth).
 18643 | Lair:5   | Found a staircase to the Slime Pits.
 18643 | Lair:5   | Found a viscous altar of Jiyva.
 18665 | Lair:5   | 18665 ||| INVOKING Berserk.
 18781 | Lair:5   | 18781 ||| INVOKING Berserk.
 18833 | Lair:5   | Reached XP level 14. HP: 127/127 MP: 13/13
 18884 | Lair:5   | 18884 ||| Stepping ~*~*~tactically~*~*~ (stealth).
 18885 | Lair:5   | 18885 ||| Stepping ~*~*~tactically~*~*~ (stealth).
 18888 | Lair:5   | 18888 ||| Stepping ~*~*~tactically~*~*~ (stealth).
 18920 | Lair:5   | 18920 ||| Stepping ~*~*~tactically~*~*~ (stealth).
 18922 | Lair:5   | 18922 ||| INVOKING Brothers in Arms.
 18923 | Lair:5   | 18923 ||| SWAPPING to +1 hand axe of flaming.
 18924 | Lair:5   | 18924 ||| INVOKING Berserk.
 18932 | Lair:5   | 18932 ||| SWAPPING to +3 war axe of protection.
 19055 | Lair:5   | Reached skill level 13 in Fighting
 19072 | Lair:5   | 19072 ||| Stepping ~*~*~tactically~*~*~ (stealth).
 19090 | Lair:5   | 19090 ||| INVOKING Berserk.
 19370 | Lair:5   | 19370 ||| Stepping ~*~*~tactically~*~*~ (stealth).
 19390 | Lair:5   | 19390 ||| READING scroll of enchant armour.
 19390 | Lair:5   | 19390 ||| ENCHANTING +0 plate armour.
 19554 | Lair:5   | 19554 ||| PLANNING D
 19554 | Lair:5   | 19554 ||| DROPPING +2 chain mail of cold resistance.
 19555 | Lair:5   | 19555 ||| READING 12 scrolls of identify.
 19555 | Lair:5   | 19555 ||| IDENTIFYING smoky white potion
 19556 | Lair:5   | 19556 ||| DROPPING potion of magic.
 19738 | D:12     | 19738 ||| INVOKING Brothers in Arms.
 19740 | D:12     | 19740 ||| SWAPPING to +1 hand axe of flaming.
 19742 | D:12     | 19742 ||| INVOKING Berserk.
 19743 | D:12     | Reached skill level 6 in Throwing
 19754 | D:12     | 19754 ||| SWAPPING to +3 war axe of protection.
 19881 | D:12     | Found Jippi's Assorted Antiques.
 19886 | D:12     | 19886 ||| BUYING potion of might (84 gold).
 19886 | D:12     | Bought a potion of might for 84 gold pieces
 19886 | D:12     | 19886 ||| BUYING scroll of teleportation (63 gold).
 19886 | D:12     | Bought a scroll of teleportation for 63 gold pieces
 19892 | D:12     | 19892 ||| Stepping ~*~*~tactically~*~*~ (stealth).
 19894 | D:12     | 19894 ||| Stepping ~*~*~tactically~*~*~ (stealth).
 19896 | D:12     | 19896 ||| Stepping ~*~*~tactically~*~*~ (stealth).
 20174 | D:12     | 20174 ||| READING scroll labelled YTUROYT ZIEP.
 20175 | D:12     | 20175 ||| READING 11 scrolls of identify.
 20175 | D:12     | 20175 ||| IDENTIFYING pink potion
 20189 | D:13     | 20189 ||| Stepping ~*~*~tactically~*~*~ (hiding).
 20190 | D:13     | 20190 ||| Stepping ~*~*~tactically~*~*~ (hiding).
 20191 | D:13     | 20191 ||| INVOKING Berserk.
 20327 | D:13     | 20327 ||| Stepping ~*~*~tactically~*~*~ (stealth).
 20329 | D:13     | 20329 ||| Stepping ~*~*~tactically~*~*~ (hiding).
 20354 | D:13     | Reached skill level 12 in Armour
 20366 | D:13     | 20366 ||| Stepping ~*~*~tactically~*~*~ (hiding).
 20426 | D:13     | 20426 ||| Stepping ~*~*~tactically~*~*~ (stealth).
 20428 | D:13     | 20428 ||| INVOKING Berserk.
 20525 | D:13     | 20525 ||| Stepping ~*~*~tactically~*~*~ (stealth).
 20526 | D:13     | 20526 ||| INVOKING Brothers in Arms.
 20527 | D:13     | 20527 ||| INVOKING Brothers in Arms.
 20528 | D:13     | 20528 ||| INVOKING Brothers in Arms.
 20529 | D:13     | 20529 ||| SWAPPING to +1 hand axe of flaming.
 20530 | D:13     | 20530 ||| INVOKING Berserk.
 20538 | D:13     | 20538 ||| SWAPPING to +3 war axe of protection.
 20609 | D:13     | 20609 ||| Stepping ~*~*~tactically~*~*~ (stealth).
 20611 | D:13     | 20611 ||| Stepping ~*~*~tactically~*~*~ (stealth).
 20615 | D:13     | 20615 ||| DRINKING 2 potions of cancellation.
 20621 | D:13     | 20621 ||| DRINKING potion of cancellation.
 20624 | D:13     | 20624 ||| Stepping ~*~*~tactically~*~*~ (hiding).
 20641 | D:13     | 20641 ||| FLEEEEING.
 20686 | D:13     | Noticed Josephine
 20688 | D:13     | 20688 ||| Stepping ~*~*~tactically~*~*~ (water).
 20703 | D:13     | Killed Josephine
 20789 | D:13     | Noticed Snorg
 20790 | D:13     | 20790 ||| INVOKING Berserk.
 20798 | D:13     | Killed Snorg
 20806 | D:13     | 20806 ||| FLEEEEING.
 20807 | D:13     | 20807 ||| FLEEEEING.
 20808 | D:13     | 20808 ||| FLEEEEING.
 20809 | D:13     | 20809 ||| FLEEEEING.
 20810 | D:13     | 20810 ||| FLEEEEING.
 20811 | D:13     | 20811 ||| FLEEEEING.
 20812 | D:13     | 20812 ||| FLEEEEING.
 21088 | D:13     | Noticed a storm dragon
 21089 | D:13     | 21089 ||| DRINKING potion of resistance.
 21092 | D:13     | 21092 ||| INVOKING Berserk.
 21111 | D:13     | Killed a storm dragon
 21112 | D:13     | Reached skill level 14 in Fighting
 21335 | D:13     | Reached skill level 18 in Shields
 21362 | D:13     | 21362 ||| INVOKING Berserk.
 21392 | D:13     | 21392 ||| Stepping ~*~*~tactically~*~*~ (stealth).
 21393 | D:13     | 21393 ||| Stepping ~*~*~tactically~*~*~ (stealth).
 21476 | D:13     | 21476 ||| Stepping ~*~*~tactically~*~*~ (stealth).
 21479 | D:13     | 21479 ||| INVOKING Berserk.
 21747 | D:13     | 21747 ||| Stepping ~*~*~tactically~*~*~ (hiding).
 21750 | D:13     | 21750 ||| Stepping ~*~*~tactically~*~*~ (cloud).
 21751 | D:13     | 21751 ||| INVOKING Berserk.
 22197 | D:14     | 22197 ||| Stepping ~*~*~tactically~*~*~ (hiding).
 22307 | D:14     | Reached XP level 15. HP: 138/138 MP: 14/14
 22309 | D:14     | 22309 ||| Stepping ~*~*~tactically~*~*~ (stealth).
 22330 | D:14     | 22330 ||| INVOKING Trog's Hand.
 22336 | D:14     | Reached skill level 6 in Dodging
 22342 | D:14     | Reached ***** piety under Trog
 22367 | D:14     | 22367 ||| INVOKING Trog's Hand.
 22377 | D:14     | 22377 ||| FLEEEEING.
 22378 | D:14     | 22378 ||| FLEEEEING.
 22379 | D:14     | 22379 ||| FLEEEEING.
 22380 | D:14     | 22380 ||| FLEEEEING.
 22381 | D:14     | 22381 ||| FLEEEEING.
 22382 | D:14     | 22382 ||| FLEEEEING.
 22398 | D:14     | 22398 ||| Stepping ~*~*~tactically~*~*~ (stealth).
 22402 | D:14     | 22402 ||| INVOKING Brothers in Arms.
 22403 | D:14     | 22403 ||| SWAPPING to +1 hand axe of flaming.
 22407 | D:14     | 22407 ||| SWAPPING to +3 war axe of protection.
 22431 | D:14     | Reached skill level 15 in Fighting
 22433 | D:14     | Found a gate to the Vaults.
 22442 | D:14     | 22442 ||| SWAPPING to +1 hand axe of flaming.
 22451 | D:14     | 22451 ||| SWAPPING to +3 war axe of protection.
 22578 | D:14     | 22578 ||| Stepping ~*~*~tactically~*~*~ (stealth).
 22580 | D:14     | 22580 ||| Stepping ~*~*~tactically~*~*~ (stealth).
 22592 | D:14     | 22592 ||| Stepping ~*~*~tactically~*~*~ (stealth).
 22593 | D:14     | 22593 ||| Stepping ~*~*~tactically~*~*~ (stealth).
 22636 | D:14     | Found Gilur's Magic Scroll Shoppe.
 22645 | D:14     | 22645 ||| BUYING scroll of teleportation (33 gold).
 22645 | D:14     | Bought a scroll of teleportation for 33 gold pieces
 22645 | D:14     | 22645 ||| BUYING scroll of teleportation (33 gold).
 22645 | D:14     | Bought a scroll of teleportation for 33 gold pieces
 22645 | D:14     | 22645 ||| BUYING scroll of teleportation (33 gold).
 22645 | D:14     | Bought a scroll of teleportation for 33 gold pieces
 22645 | D:14     | 22645 ||| BUYING scroll of teleportation (33 gold).
 22645 | D:14     | Bought a scroll of teleportation for 33 gold pieces
 22645 | D:14     | 22645 ||| BUYING scroll of teleportation (33 gold).
 22645 | D:14     | Bought a scroll of teleportation for 33 gold pieces
 22894 | D:14     | 22894 ||| READING scroll of enchant armour.
 22894 | D:14     | 22894 ||| ENCHANTING +1 plate armour.
 22899 | D:14     | Identified the +5 chain mail "Dimotiwk" {Regen+ Str+3
                  | Dex+4}
 23140 | D:14     | 23140 ||| DROPPING +0 ice dragon scales.
 23141 | D:14     | 23141 ||| UPGRADING to +5 chain mail "Dimotiwk" {Regen+
                  | Str+3 Dex+4}.
 23151 | D:14     | 23151 ||| DROPPING +2 plate armour.
 23152 | D:14     | 23152 ||| READING scroll labelled RUOLOW XENEB.
 23300 | D:15     | Entered Level 15 of the Dungeon
 23331 | D:15     | 23331 ||| Stepping ~*~*~tactically~*~*~ (hiding).
 23357 | D:15     | 23357 ||| INVOKING Brothers in Arms.
 23358 | D:15     | 23358 ||| INVOKING Brothers in Arms.
 23359 | D:15     | 23359 ||| SWAPPING to +1 hand axe of flaming.
 23362 | D:15     | 23362 ||| SWAPPING to +3 war axe of protection.
 23371 | D:15     | Identified the +1 leather armour of the Jackalope {rN+
                  | Regen+ Dex+3}
 23619 | D:15     | 23619 ||| Stepping ~*~*~tactically~*~*~ (hiding).
 23620 | D:15     | 23620 ||| Stepping ~*~*~tactically~*~*~ (hiding).
 23621 | D:15     | 23621 ||| Stepping ~*~*~tactically~*~*~ (hiding).
 23622 | D:15     | 23622 ||| INVOKING Trog's Hand.
 23762 | D:15     | 23762 ||| Stepping ~*~*~tactically~*~*~ (hiding).
 23823 | D:15     | 23823 ||| Stepping ~*~*~tactically~*~*~ (stealth).
 23825 | D:15     | 23825 ||| Stepping ~*~*~tactically~*~*~ (hiding).
 24317 | D:15     | 24317 ||| INVOKING Brothers in Arms.
 24318 | D:15     | 24318 ||| SWAPPING to +1 hand axe of flaming.
 24319 | D:15     | Found a staircase to the Depths.
 24323 | D:15     | 24323 ||| INVOKING Berserk.
 24346 | D:15     | 24346 ||| SWAPPING to +3 war axe of protection.
 24505 | D:15     | 24505 ||| PLANNING ORC
 24643 | Orc:1    | Entered Level 1 of the Orcish Mines
 24653 | Orc:1    | 24653 ||| INVOKING Berserk.
 24682 | Orc:1    | 24682 ||| Stepping ~*~*~tactically~*~*~ (hiding).
 24683 | Orc:1    | 24683 ||| Stepping ~*~*~tactically~*~*~ (hiding).
 24686 | Orc:1    | 24686 ||| INVOKING Brothers in Arms.
 24689 | Orc:1    | 24689 ||| INVOKING Brothers in Arms.
 24693 | Orc:1    | Reached skill level 9 in Dodging
 24729 | Orc:1    | 24729 ||| DROPPING +1 hand axe of flaming.
 24947 | Orc:2    | Entered Level 2 of the Orcish Mines
 24948 | Orc:2    | 24948 ||| PLANNING BAZAAR
 24956 | Orc:2    | 24956 ||| Stepping ~*~*~tactically~*~*~ (stealth).
 24962 | Orc:2    | Found a frozen archway.
 24993 | Orc:2    | 24993 ||| Stepping ~*~*~tactically~*~*~ (stealth).
 25034 | Orc:2    | 25034 ||| Stepping ~*~*~tactically~*~*~ (stealth).
 25065 | Orc:2    | 25065 ||| Stepping ~*~*~tactically~*~*~ (hiding).
 25158 | Orc:2    | Found a staircase to the Elven Halls.
 25315 | Orc:2    | 25315 ||| INVOKING Trog's Hand.
 25318 | Orc:2    | 25318 ||| INVOKING Berserk.
 25337 | Orc:2    | 25337 ||| INVOKING Brothers in Arms.
 25342 | Orc:2    | Found Uda Zisi's Antique Weapon Emporium.
 25343 | Orc:2    | Received a gift from Trog
 25465 | Orc:2    | Found an ancient bone altar of Kikubaaqudgha.
 25466 | Orc:2    | Noticed Nergalle
 25467 | Orc:2    | 25467 ||| Stepping ~*~*~tactically~*~*~ (hiding).
 25468 | Orc:2    | 25468 ||| INVOKING Trog's Hand.
 25469 | Orc:2    | 25469 ||| INVOKING Berserk.
 25480 | Orc:2    | Killed Nergalle
 25481 | Orc:2    | 25481 ||| INVOKING Brothers in Arms.
 25522 | Orc:2    | Found Byg Ick's Antique Armour Emporium.
 25529 | Orc:2    | 25529 ||| INVOKING Trog's Hand.
 25530 | Orc:2    | 25530 ||| INVOKING Berserk.
 25534 | Orc:2    | Noticed Erolcha
 25543 | Orc:2    | Found Cauth's Distillery.
 25546 | Orc:2    | Killed Erolcha
 25554 | Orc:2    | 25554 ||| INVOKING Trog's Hand.
 25557 | Orc:2    | 25557 ||| INVOKING Brothers in Arms.
 25572 | Orc:2    | Found Mapoc's Book Emporium.
 25574 | Orc:2    | 25574 ||| FLEEEEING.
 25575 | Orc:2    | 25575 ||| FLEEEEING.
 25576 | Orc:2    | 25576 ||| FLEEEEING.
 25701 | Orc:2    | 25701 ||| BUYING potion of curing (45 gold).
 25701 | Orc:2    | Bought a potion of curing for 45 gold pieces
 25701 | Orc:2    | 25701 ||| BUYING potion of curing (45 gold).
 25701 | Orc:2    | Bought a potion of curing for 45 gold pieces
 25701 | Orc:2    | 25701 ||| BUYING potion of haste (150 gold).
 25701 | Orc:2    | Bought a potion of haste for 150 gold pieces
 25701 | Orc:2    | 25701 ||| BUYING potion of heal wounds (75 gold).
 25701 | Orc:2    | Bought a potion of heal wounds for 75 gold pieces
 25701 | Orc:2    | 25701 ||| BUYING potion of heal wounds (75 gold).
 25701 | Orc:2    | Bought a potion of heal wounds for 75 gold pieces
 25701 | Orc:2    | 25701 ||| BUYING potion of might (60 gold).
 25701 | Orc:2    | Bought a potion of might for 60 gold pieces
 25701 | Orc:2    | 25701 ||| BUYING potion of resistance (150 gold).
 25701 | Orc:2    | Bought a potion of resistance for 150 gold pieces
 25726 | Orc:2    | Found a radiant altar of Vehumet.
 25736 | Orc:2    | 25736 ||| INVOKING Trog's Hand.
 25738 | Orc:2    | 25738 ||| INVOKING Berserk.
 25951 | Orc:2    | Found a flickering gateway to a bazaar.
 26328 | Orc:2    | 26328 ||| RIP BAZAAR
 26328 | Orc:2    | 26328 ||| PLANNING ORC
 26366 | Orc:1    | 26366 ||| PLANNING SPIDER:1-3
 26366 | Orc:1    | 26366 ||| INVOKING Trog's Hand.
 26369 | Orc:1    | 26369 ||| INVOKING Berserk.
 26581 | Orc:1    | Found Kuerr's Weapon Boutique.
 26878 | Spider:1 | Entered Level 1 of the Spider Nest
 26879 | Spider:1 | 26879 ||| RIP BAZAAR
 26891 | Spider:1 | Reached skill level 16 in Fighting
 26944 | Spider:1 | 26944 ||| Stepping ~*~*~tactically~*~*~ (hiding).
 26945 | Spider:1 | 26945 ||| Stepping ~*~*~tactically~*~*~ (hiding).
 26946 | Spider:1 | 26946 ||| Stepping ~*~*~tactically~*~*~ (hiding).
 27018 | Spider:1 | 27018 ||| Stepping ~*~*~tactically~*~*~ (stealth).
 27030 | Spider:1 | 27030 ||| INVOKING Berserk.
 27032 | Spider:1 | Reached XP level 16. HP: 151/151 MP: 15/15
 27157 | Spider:1 | You fall into a shaft and drop 1 floor!
 27248 | Spider:2 | 27248 ||| Stepping ~*~*~tactically~*~*~ (stealth).
 27405 | Spider:1 | 27405 ||| INVOKING Berserk.
 27535 | Spider:1 | 27535 ||| INVOKING Brothers in Arms.
 27547 | Spider:1 | Reached skill level 17 in Fighting
 27652 | Spider:1 | 27652 ||| Stepping ~*~*~tactically~*~*~ (stealth).
 27654 | Spider:1 | 27654 ||| DRINKING 2 potions of resistance.
 27663 | Spider:1 | 27663 ||| INVOKING Berserk.
 27802 | Spider:1 | 27802 ||| Stepping ~*~*~tactically~*~*~ (hiding).
 27818 | Spider:1 | 27818 ||| INVOKING Brothers in Arms.
 28108 | Spider:1 | 28108 ||| DRINKING potion of resistance.
 28317 | Spider:1 | 28317 ||| DROPPING +1 hat.
 28318 | Spider:1 | 28318 ||| DROPPING ring of magical power.
 28368 | Spider:2 | 28368 ||| Stepping ~*~*~tactically~*~*~ (stealth).
 28369 | Spider:2 | 28369 ||| Stepping ~*~*~tactically~*~*~ (stealth).
 28370 | Spider:2 | 28370 ||| Stepping ~*~*~tactically~*~*~ (stealth).
 28379 | Spider:2 | 28379 ||| Stepping ~*~*~tactically~*~*~ (stealth).
 28392 | Spider:2 | 28392 ||| Stepping ~*~*~tactically~*~*~ (stealth).
 28492 | Spider:2 | 28492 ||| INVOKING Berserk.
 28660 | Spider:2 | 28660 ||| INVOKING Berserk.
 28824 | Spider:2 | 28824 ||| INVOKING Brothers in Arms.
 28912 | Spider:2 | Noticed Asterion
 28913 | Spider:2 | 28913 ||| Stepping ~*~*~tactically~*~*~ (hiding).
 28917 | Spider:2 | 28917 ||| INVOKING Brothers in Arms.
 28918 | Spider:2 | 28918 ||| INVOKING Berserk.
 28925 | Spider:2 | Killed Asterion
 29071 | Spider:2 | Found a runed translucent door.
 29074 | Spider:2 | Found a shimmering altar of Xom.
 29074 | Spider:2 | Noticed qw's ghost (adept MiBe)
 29533 | Spider:3 | 29533 ||| INVOKING Brothers in Arms.
 29534 | Spider:3 | 29534 ||| INVOKING Brothers in Arms.
 29688 | Spider:3 | 29688 ||| INVOKING Berserk.
 29692 | Spider:3 | Reached skill level 18 in Fighting
 29927 | Spider:3 | 29927 ||| INVOKING Brothers in Arms.
 29928 | Spider:3 | 29928 ||| INVOKING Brothers in Arms.
 29929 | Spider:3 | 29929 ||| INVOKING Brothers in Arms.
 29930 | Spider:3 | 29930 ||| INVOKING Brothers in Arms.
 29931 | Spider:3 | 29931 ||| INVOKING Brothers in Arms.
 29932 | Spider:3 | 29932 ||| INVOKING Brothers in Arms.
 29933 | Spider:3 | 29933 ||| INVOKING Brothers in Arms.
 29934 | Spider:3 | 29934 ||| INVOKING Brothers in Arms.
 29935 | Spider:3 | 29935 ||| INVOKING Brothers in Arms.
 29936 | Spider:3 | 29936 ||| INVOKING Brothers in Arms.
 29937 | Spider:3 | 29937 ||| INVOKING Brothers in Arms.
 29938 | Spider:3 | 29938 ||| INVOKING Brothers in Arms.
 30045 | Spider:3 | Noticed Arachne
 30046 | Spider:3 | 30046 ||| Stepping ~*~*~tactically~*~*~ (hiding).
 30048 | Spider:3 | 30048 ||| Stepping ~*~*~tactically~*~*~ (hiding).
 30050 | Spider:3 | 30050 ||| Stepping ~*~*~tactically~*~*~ (hiding).
 30052 | Spider:3 | 30052 ||| INVOKING Berserk.
 30065 | Spider:3 | Killed Arachne
 30233 | Spider:3 | Noticed Agnes
 30236 | Spider:3 | 30236 ||| INVOKING Berserk.
 30249 | Spider:3 | Killed Agnes
 30495 | Spider:3 | 30495 ||| INVOKING Berserk.
 30869 | Spider:3 | 30869 ||| PLANNING SHOALS:1-3
 30869 | Spider:3 | 30869 ||| READING scroll labelled TAINUP VOSEA.
 31008 | Shoals:1 | Entered Level 1 of the Shoals
 31049 | Shoals:1 | HP: 38/158 [merfolk/+0 trident[a merfolk aquamancer] (12)]
 31050 | Shoals:1 | 31050 ||| READING 24 scrolls of teleportation.
 31051 | Shoals:1 | 31051 ||| DRINKING 8 potions of heal wounds.
 31115 | Shoals:1 | Noticed Aizul
 31116 | Shoals:1 | 31116 ||| INVOKING Trog's Hand.
 31117 | Shoals:1 | 31117 ||| INVOKING Berserk.
 31129 | Shoals:1 | Killed Aizul
 31241 | Shoals:1 | 31241 ||| Stepping ~*~*~tactically~*~*~ (stealth).
 31273 | Shoals:1 | 31273 ||| INVOKING Berserk.
 31280 | Shoals:1 | 31280 ||| Stepping ~*~*~tactically~*~*~ (water).
 31322 | Shoals:1 | 31322 ||| Stepping ~*~*~tactically~*~*~ (stealth).
 31359 | Shoals:1 | 31359 ||| Stepping ~*~*~tactically~*~*~ (water).
 31360 | Shoals:1 | 31360 ||| INVOKING Berserk.
 31498 | Shoals:1 | Reached skill level 19 in Fighting
 31551 | Shoals:1 | Reached XP level 17. HP: 166/168 MP: 16/16
 31607 | Shoals:1 | 31607 ||| READING 3 scrolls of enchant weapon.
 31607 | Shoals:1 | 31607 ||| ENCHANTING +3 war axe of protection.
 31608 | Shoals:1 | 31608 ||| READING 2 scrolls of enchant weapon.
 31608 | Shoals:1 | 31608 ||| ENCHANTING +4 war axe of protection.
 31609 | Shoals:1 | 31609 ||| READING scroll of enchant weapon.
 31609 | Shoals:1 | 31609 ||| ENCHANTING +5 war axe of protection.
 31635 | Shoals:1 | 31635 ||| Stepping ~*~*~tactically~*~*~ (hiding).
 31705 | Shoals:1 | 31705 ||| INVOKING Trog's Hand.
 31712 | Shoals:1 | 31712 ||| INVOKING Berserk.
 31913 | Shoals:1 | 31913 ||| INVOKING Berserk.
 32115 | Shoals:1 | 32115 ||| Stepping ~*~*~tactically~*~*~ (hiding).
 32120 | Shoals:1 | Noticed Mlioglotl
 32127 | Shoals:1 | 32127 ||| INVOKING Berserk.
 32138 | Shoals:1 | Killed Mlioglotl
 32139 | Shoals:1 | Noticed Kirke
 32141 | Shoals:1 | 32141 ||| INVOKING Trog's Hand.
 32150 | Shoals:1 | Killed Kirke
 32151 | Shoals:1 | Reached skill level 15 in Armour
 32353 | Shoals:1 | 32353 ||| DRINKING 2 glowing blue potions.
 32454 | Shoals:1 | 32454 ||| DROPPING potion of ambrosia.
 32483 | Shoals:2 | 32483 ||| INVOKING Trog's Hand.
 32649 | Shoals:2 | 32649 ||| Stepping ~*~*~tactically~*~*~ (hiding).
 32650 | Shoals:2 | 32650 ||| INVOKING Trog's Hand.
 32657 | Shoals:2 | 32657 ||| Stepping ~*~*~tactically~*~*~ (water).
 32659 | Shoals:2 | 32659 ||| Stepping ~*~*~tactically~*~*~ (water).
 32660 | Shoals:2 | 32660 ||| Stepping ~*~*~tactically~*~*~ (water).
 32661 | Shoals:2 | 32661 ||| Stepping ~*~*~tactically~*~*~ (water).
 32695 | Shoals:2 | 32695 ||| FLEEEEING.
 32696 | Shoals:2 | 32696 ||| FLEEEEING.
 32698 | Shoals:2 | 32698 ||| FLEEEEING.
 32699 | Shoals:2 | 32699 ||| INVOKING Berserk.
 32921 | Shoals:2 | 32921 ||| Stepping ~*~*~tactically~*~*~ (water).
 33004 | Shoals:2 | 33004 ||| Stepping ~*~*~tactically~*~*~ (hiding).
 33005 | Shoals:2 | 33005 ||| Stepping ~*~*~tactically~*~*~ (hiding).
 33006 | Shoals:2 | 33006 ||| Stepping ~*~*~tactically~*~*~ (hiding).
 33116 | Shoals:2 | 33116 ||| Stepping ~*~*~tactically~*~*~ (hiding).
 33117 | Shoals:2 | 33117 ||| Stepping ~*~*~tactically~*~*~ (hiding).
 33222 | Shoals:2 | 33222 ||| INVOKING Berserk.
 33434 | Shoals:3 | 33434 ||| INVOKING Trog's Hand.
 33444 | Shoals:3 | Found Toenitug's General Store.
 33475 | Shoals:3 | 33475 ||| BUYING +3 pair of gloves of Resonance {rF- Will+
                  | Stlth+} (418 gold).
 33475 | Shoals:3 | Bought the +3 pair of gloves of Resonance {rF- Will+
                  | Stlth+} for 418 gold pieces
 33475 | Shoals:3 | 33475 ||| BUYING potion of cancellation (120 gold).
 33475 | Shoals:3 | Bought a potion of cancellation for 120 gold pieces
 33475 | Shoals:3 | 33475 ||| BUYING potion of curing (45 gold).
 33475 | Shoals:3 | Bought a potion of curing for 45 gold pieces
 33475 | Shoals:3 | 33475 ||| BUYING potion of resistance (150 gold).
 33475 | Shoals:3 | Bought a potion of resistance for 150 gold pieces
 33577 | Shoals:3 | 33577 ||| Stepping ~*~*~tactically~*~*~ (water).
 33638 | Shoals:3 | 33638 ||| Stepping ~*~*~tactically~*~*~ (water).
 33645 | Shoals:3 | 33645 ||| INVOKING Brothers in Arms.
 33649 | Shoals:3 | 33649 ||| INVOKING Berserk.
 33676 | Shoals:3 | Reached skill level 20 in Fighting
 33857 | Shoals:3 | 33857 ||| Stepping ~*~*~tactically~*~*~ (hiding).
 34082 | Shoals:3 | 34082 ||| Stepping ~*~*~tactically~*~*~ (stealth).
 34084 | Shoals:3 | 34084 ||| Stepping ~*~*~tactically~*~*~ (hiding).
 34090 | Shoals:3 | 34090 ||| INVOKING Brothers in Arms.
 34092 | Shoals:3 | 34092 ||| INVOKING Berserk.
 34304 | Shoals:3 | 34304 ||| INVOKING Trog's Hand.
 34390 | Shoals:3 | 34390 ||| PLANNING SPIDER:4
 34390 | Shoals:3 | 34390 ||| UPGRADING to +3 pair of gloves of Resonance {rF-
                  | Will+ Stlth+}.
 34400 | Shoals:3 | 34400 ||| READING 22 scrolls of identify.
 34400 | Shoals:3 | 34400 ||| IDENTIFYING brown potion
 34401 | Shoals:3 | 34401 ||| DROPPING potion of brilliance.
 34558 | Spider:4 | Entered Level 4 of the Spider Nest
 34563 | Spider:4 | 34563 ||| Stepping ~*~*~tactically~*~*~ (stealth).
 34568 | Spider:4 | 34568 ||| Stepping ~*~*~tactically~*~*~ (hiding).
 34571 | Spider:4 | 34571 ||| INVOKING Brothers in Arms.
 34572 | Spider:4 | 34572 ||| INVOKING Brothers in Arms.
 34573 | Spider:4 | 34573 ||| INVOKING Brothers in Arms.
 34582 | Spider:4 | 34582 ||| INVOKING Berserk.
 34603 | Spider:4 | Reached skill level 9 in Throwing
 34633 | Spider:4 | 34633 ||| Stepping ~*~*~tactically~*~*~ (stealth).
 34634 | Spider:4 | 34634 ||| Stepping ~*~*~tactically~*~*~ (stealth).
 34649 | Spider:4 | 34649 ||| Stepping ~*~*~tactically~*~*~ (stealth).
 34678 | Spider:4 | 34678 ||| INVOKING Brothers in Arms.
 34679 | Spider:4 | 34679 ||| INVOKING Berserk.
 34723 | Spider:4 | 34723 ||| FLEEEEING.
 34770 | Spider:4 | 34770 ||| Stepping ~*~*~tactically~*~*~ (stealth).
 34771 | Spider:4 | 34771 ||| Stepping ~*~*~tactically~*~*~ (stealth).
 34772 | Spider:4 | 34772 ||| Stepping ~*~*~tactically~*~*~ (stealth).
 34773 | Spider:4 | 34773 ||| Stepping ~*~*~tactically~*~*~ (stealth).
 34790 | Spider:4 | 34790 ||| Stepping ~*~*~tactically~*~*~ (stealth).
 34883 | Spider:4 | 34883 ||| INVOKING Brothers in Arms.
 34891 | Spider:4 | 34891 ||| INVOKING Berserk.
 34919 | Spider:4 | Reached skill level 21 in Shields
 34919 | Spider:4 | 34919 ||| INVOKING Brothers in Arms.
 34943 | Spider:4 | 34943 ||| Stepping ~*~*~tactically~*~*~ (hiding).
 34945 | Spider:4 | 34945 ||| INVOKING Brothers in Arms.
 34946 | Spider:4 | 34946 ||| INVOKING Brothers in Arms.
 34948 | Spider:4 | 34948 ||| READING 25 scrolls of teleportation.
 34980 | Spider:4 | 34980 ||| INVOKING Brothers in Arms.
 34981 | Spider:4 | 34981 ||| INVOKING Brothers in Arms.
 34982 | Spider:4 | 34982 ||| INVOKING Brothers in Arms.
 34983 | Spider:4 | 34983 ||| INVOKING Brothers in Arms.
 34984 | Spider:4 | 34984 ||| INVOKING Brothers in Arms.
 34985 | Spider:4 | 34985 ||| INVOKING Brothers in Arms.
 35029 | Spider:4 | Reached XP level 18. HP: 178/178 MP: 17/17
 35029 | Spider:4 | 35029 ||| DROPPING +2 hand axe of flaming.
 35063 | Spider:4 | 35063 ||| INVOKING Berserk.
 35204 | Spider:4 | 35204 ||| Stepping ~*~*~tactically~*~*~ (stealth).
 35217 | Spider:4 | 35217 ||| Stepping ~*~*~tactically~*~*~ (stealth).
 35226 | Spider:4 | 35226 ||| Stepping ~*~*~tactically~*~*~ (stealth).
 35238 | Spider:4 | 35238 ||| Stepping ~*~*~tactically~*~*~ (stealth).
 35239 | Spider:4 | 35239 ||| Stepping ~*~*~tactically~*~*~ (stealth).
 35262 | Spider:4 | 35262 ||| Stepping ~*~*~tactically~*~*~ (stealth).
 35347 | Spider:4 | 35347 ||| INVOKING Brothers in Arms.
 35348 | Spider:4 | 35348 ||| INVOKING Brothers in Arms.
 35349 | Spider:4 | 35349 ||| INVOKING Brothers in Arms.
 35350 | Spider:4 | 35350 ||| INVOKING Brothers in Arms.
 35351 | Spider:4 | 35351 ||| INVOKING Brothers in Arms.
 35510 | Spider:4 | 35510 ||| DRINKING 3 potions of resistance.
 35511 | Spider:4 | 35511 ||| INVOKING Berserk.
 35569 | Spider:4 | 35569 ||| FLEEEEING.
 35708 | Spider:4 | Got a gossamer rune of Zot
 36021 | Spider:4 | 36021 ||| Stepping ~*~*~tactically~*~*~ (stealth).
 36090 | Spider:4 | 36090 ||| PLANNING VAULTS:1-4
 36090 | Spider:4 | 36090 ||| UPGRADING to +2 hat of intelligence.
 36100 | Spider:4 | 36100 ||| DROPPING +0 hat "Osmenter" {Str+2}.
 36335 | Vaults:1 | Entered Level 1 of the Vaults
 36408 | Vaults:1 | 36408 ||| Stepping ~*~*~tactically~*~*~ (stealth).
 36409 | Vaults:1 | 36409 ||| Stepping ~*~*~tactically~*~*~ (stealth).
 36431 | Vaults:1 | 36431 ||| Stepping ~*~*~tactically~*~*~ (hiding).
 36436 | Vaults:1 | 36436 ||| INVOKING Trog's Hand.
 36438 | Vaults:1 | Reached skill level 12 in Dodging
 36596 | Vaults:1 | 36596 ||| INVOKING Trog's Hand.
 36602 | Vaults:1 | 36602 ||| DRINKING 2 potions of resistance.
 36628 | Vaults:1 | 36628 ||| INVOKING Trog's Hand.
 36717 | Vaults:1 | Found Meid's Magic Scroll Boutique.
 36727 | Vaults:1 | 36727 ||| BUYING scroll of enchant weapon (127 gold).
 36727 | Vaults:1 | Bought a scroll of enchant weapon for 127 gold pieces
 36727 | Vaults:1 | 36727 ||| READING scroll of enchant weapon.
 36727 | Vaults:1 | 36727 ||| ENCHANTING +6 war axe of protection.
 36791 | Vaults:1 | 36791 ||| Stepping ~*~*~tactically~*~*~ (hiding).
 36808 | Vaults:1 | Reached skill level 21 in Fighting
 36818 | Vaults:1 | 36818 ||| INVOKING Trog's Hand.
 36974 | Vaults:1 | 36974 ||| Stepping ~*~*~tactically~*~*~ (stealth).
 37297 | Vaults:2 | 37297 ||| READING scroll of brand weapon.
 37297 | Vaults:2 | 37297 ||| BRANDING +7 war axe of protection.
 37494 | Vaults:2 | 37494 ||| Stepping ~*~*~tactically~*~*~ (hiding).
 37500 | Vaults:2 | 37500 ||| INVOKING Trog's Hand.
 37522 | Vaults:2 | 37522 ||| Stepping ~*~*~tactically~*~*~ (hiding).
 37523 | Vaults:2 | 37523 ||| DRINKING potion of resistance.
 37544 | Vaults:2 | 37544 ||| READING scroll of enchant weapon.
 37544 | Vaults:2 | 37544 ||| ENCHANTING +7 war axe of chaos.
 37550 | Vaults:2 | 37550 ||| READING scroll of enchant weapon.
 37550 | Vaults:2 | 37550 ||| ENCHANTING +8 war axe of chaos.
 37611 | Vaults:2 | Found a staircase to the Crypt.
 37612 | Vaults:2 | 37612 ||| INVOKING Trog's Hand.
 37614 | Vaults:2 | 37614 ||| Stepping ~*~*~tactically~*~*~ (stealth).
 37762 | Vaults:2 | 37762 ||| FLEEEEING.
 37763 | Vaults:2 | 37763 ||| FLEEEEING.
 37764 | Vaults:2 | 37764 ||| FLEEEEING.
 37765 | Vaults:2 | 37765 ||| FLEEEEING.
 37808 | Vaults:2 | 37808 ||| INVOKING Brothers in Arms.
 37814 | Vaults:2 | 37814 ||| INVOKING Berserk.
 37976 | Vaults:2 | 37976 ||| Stepping ~*~*~tactically~*~*~ (stealth).
 38109 | Vaults:2 | 38109 ||| Stepping ~*~*~tactically~*~*~ (stealth).
 38136 | Vaults:2 | 38136 ||| INVOKING Trog's Hand.
 38182 | Vaults:2 | 38182 ||| Stepping ~*~*~tactically~*~*~ (hiding).
 38193 | Vaults:2 | Reached skill level 22 in Fighting
 38193 | Vaults:2 | 38193 ||| FLEEEEING.
 38194 | Vaults:2 | 38194 ||| FLEEEEING.
 38195 | Vaults:2 | 38195 ||| FLEEEEING.
 38196 | Vaults:2 | 38196 ||| FLEEEEING.
 38197 | Vaults:2 | 38197 ||| FLEEEEING.
 38212 | Vaults:2 | 38212 ||| FLEEEEING.
 38213 | Vaults:2 | 38213 ||| FLEEEEING.
 38214 | Vaults:2 | 38214 ||| FLEEEEING.
 38215 | Vaults:2 | 38215 ||| FLEEEEING.
 38216 | Vaults:2 | 38216 ||| FLEEEEING.
 38217 | Vaults:2 | 38217 ||| FLEEEEING.
 38279 | Vaults:2 | Found Hoykoe's Magic Scroll Boutique.
 38286 | Vaults:2 | 38286 ||| BUYING scroll of brand weapon (161 gold).
 38286 | Vaults:2 | Bought a scroll of brand weapon for 161 gold pieces
 38286 | Vaults:2 | 38286 ||| READING scroll of brand weapon.
 38286 | Vaults:2 | 38286 ||| BRANDING +9 war axe of chaos.
 38318 | Vaults:2 | Identified the +6 broad axe "Tonoisyk" {vorpal, rF+++
                  | Will-} (Trog gifted it to you on level 2 of the Vaults)
 38318 | Vaults:2 | Received a gift from Trog
 38330 | Vaults:2 | 38330 ||| SWAPPING to +6 broad axe "Tonoisyk" {vorpal,
                  | rF+++ Will-}.
 38331 | Vaults:2 | 38331 ||| DROPPING +9 war axe of freezing.
 38385 | Vaults:2 | 38385 ||| Stepping ~*~*~tactically~*~*~ (hiding).
 38402 | Vaults:2 | 38402 ||| INVOKING Berserk.
 38406 | Vaults:2 | Reached XP level 19. HP: 107/191 MP: 18/18
 38463 | Vaults:2 | 38463 ||| Stepping ~*~*~tactically~*~*~ (stealth).
 38464 | Vaults:2 | 38464 ||| Stepping ~*~*~tactically~*~*~ (stealth).
 38471 | Vaults:2 | 38471 ||| INVOKING Berserk.
 38696 | Vaults:2 | 38696 ||| Stepping ~*~*~tactically~*~*~ (stealth).
 38698 | Vaults:2 | 38698 ||| Stepping ~*~*~tactically~*~*~ (stealth).
 38714 | Vaults:2 | 38714 ||| Stepping ~*~*~tactically~*~*~ (hiding).
 38715 | Vaults:2 | 38715 ||| Stepping ~*~*~tactically~*~*~ (hiding).
 38921 | Vaults:2 | 38921 ||| INVOKING Trog's Hand.
 39094 | Vaults:2 | 39094 ||| DROPPING amulet of the acrobat.
 39095 | Vaults:2 | 39095 ||| READING 25 scrolls of identify.
 39095 | Vaults:2 | 39095 ||| IDENTIFYING smoky amethyst potion
 39096 | Vaults:2 | 39096 ||| DROPPING potion of invisibility.
 39152 | Vaults:3 | 39152 ||| Stepping ~*~*~tactically~*~*~ (stealth).
 39187 | Vaults:3 | 39187 ||| Stepping ~*~*~tactically~*~*~ (hiding).
 39212 | Vaults:3 | 39212 ||| INVOKING Brothers in Arms.
 39356 | Vaults:3 | 39356 ||| Stepping ~*~*~tactically~*~*~ (hiding).
 39357 | Vaults:3 | 39357 ||| Stepping ~*~*~tactically~*~*~ (hiding).
 39360 | Vaults:3 | 39360 ||| INVOKING Trog's Hand.
 39361 | Vaults:3 | 39361 ||| INVOKING Berserk.
 39494 | Vaults:3 | 39494 ||| READING 27 scrolls of teleportation.
 39497 | Vaults:3 | 39497 ||| FLEEEEING.
 39498 | Vaults:3 | 39498 ||| FLEEEEING.
 39539 | Vaults:3 | 39539 ||| INVOKING Berserk.
 39703 | Vaults:3 | 39703 ||| FLEEEEING.
 39705 | Vaults:3 | 39705 ||| FLEEEEING.
 39706 | Vaults:3 | 39706 ||| FLEEEEING.
 39707 | Vaults:3 | 39707 ||| FLEEEEING.
 39708 | Vaults:3 | 39708 ||| FLEEEEING.
 39709 | Vaults:3 | 39709 ||| FLEEEEING.
 39712 | Vaults:3 | 39712 ||| FLEEEEING.
 39714 | Vaults:3 | 39714 ||| FLEEEEING.
 39715 | Vaults:3 | 39715 ||| FLEEEEING.
 39716 | Vaults:3 | 39716 ||| FLEEEEING.
 39717 | Vaults:3 | 39717 ||| FLEEEEING.
 39718 | Vaults:3 | 39718 ||| FLEEEEING.
 39719 | Vaults:3 | 39719 ||| FLEEEEING.
 39720 | Vaults:3 | 39720 ||| FLEEEEING.
 39721 | Vaults:3 | 39721 ||| FLEEEEING.
 39722 | Vaults:3 | 39722 ||| FLEEEEING.
 39723 | Vaults:3 | 39723 ||| FLEEEEING.
 39724 | Vaults:3 | 39724 ||| FLEEEEING.
 39725 | Vaults:3 | 39725 ||| FLEEEEING.
 39726 | Vaults:3 | 39726 ||| STAIRDANCE
 39830 | Vaults:3 | 39830 ||| STAIRDANCE
 39849 | Vaults:3 | 39849 ||| STAIRDANCE
 39856 | Vaults:3 | 39856 ||| STAIRDANCE
 39865 | Vaults:2 | Reached skill level 18 in Axes
 39877 | Vaults:3 | Noticed Margery
 39891 | Vaults:3 | Killed Margery
 39899 | Vaults:3 | 39899 ||| INVOKING Berserk.
 39921 | Vaults:3 | 39921 ||| INVOKING Trog's Hand.
 39932 | Vaults:3 | Reached skill level 18 in Armour
 39943 | Vaults:3 | 39943 ||| INVOKING Trog's Hand.
 39967 | Vaults:3 | 39967 ||| FLEEEEING.
 39968 | Vaults:3 | 39968 ||| FLEEEEING.
 39969 | Vaults:3 | 39969 ||| FLEEEEING.
 39970 | Vaults:3 | 39970 ||| FLEEEEING.
 39971 | Vaults:3 | 39971 ||| FLEEEEING.
 39972 | Vaults:3 | 39972 ||| FLEEEEING.
 39973 | Vaults:3 | 39973 ||| FLEEEEING.
 39974 | Vaults:3 | 39974 ||| FLEEEEING.
 39975 | Vaults:3 | 39975 ||| FLEEEEING.
 39976 | Vaults:3 | 39976 ||| FLEEEEING.
 39977 | Vaults:3 | 39977 ||| FLEEEEING.
 39978 | Vaults:3 | 39978 ||| STAIRDANCE
 40082 | Vaults:3 | 40082 ||| STAIRDANCE
 40091 | Vaults:3 | 40091 ||| STAIRDANCE
 40100 | Vaults:3 | 40100 ||| STAIRDANCE
 40229 | Vaults:3 | 40229 ||| Stepping ~*~*~tactically~*~*~ (stealth).
 40231 | Vaults:3 | 40231 ||| Stepping ~*~*~tactically~*~*~ (stealth).
 40288 | Vaults:3 | 40288 ||| INVOKING Trog's Hand.
 40494 | Vaults:3 | Identified the +6 great sword of Crusades {freeze, rPois
                  | rCorr Str+3}
 40502 | Vaults:3 | 40502 ||| INVOKING Trog's Hand.
 40512 | Vaults:3 | 40512 ||| Stepping ~*~*~tactically~*~*~ (stealth).
 40515 | Vaults:3 | 40515 ||| Stepping ~*~*~tactically~*~*~ (stealth).
 40520 | Vaults:3 | 40520 ||| Stepping ~*~*~tactically~*~*~ (stealth).
 40548 | Vaults:3 | 40548 ||| INVOKING Trog's Hand.
 40552 | Vaults:3 | 40552 ||| FLEEEEING.
 40553 | Vaults:3 | 40553 ||| FLEEEEING.
 40554 | Vaults:3 | 40554 ||| FLEEEEING.
 40555 | Vaults:3 | 40555 ||| FLEEEEING.
 40556 | Vaults:3 | 40556 ||| FLEEEEING.
 40561 | Vaults:3 | 40561 ||| FLEEEEING.
 40562 | Vaults:3 | 40562 ||| FLEEEEING.
 40563 | Vaults:3 | 40563 ||| FLEEEEING.
 40564 | Vaults:3 | 40564 ||| FLEEEEING.
 40565 | Vaults:3 | 40565 ||| FLEEEEING.
 40566 | Vaults:3 | 40566 ||| FLEEEEING.
 40567 | Vaults:3 | 40567 ||| FLEEEEING.
 40578 | Vaults:3 | 40578 ||| FLEEEEING.
 40579 | Vaults:3 | 40579 ||| FLEEEEING.
 40580 | Vaults:3 | 40580 ||| FLEEEEING.
 40581 | Vaults:3 | 40581 ||| FLEEEEING.
 40582 | Vaults:3 | 40582 ||| FLEEEEING.
 40583 | Vaults:3 | 40583 ||| FLEEEEING.
 40584 | Vaults:3 | 40584 ||| FLEEEEING.
 40585 | Vaults:3 | 40585 ||| FLEEEEING.
 40586 | Vaults:3 | 40586 ||| FLEEEEING.
 40587 | Vaults:3 | 40587 ||| FLEEEEING.
 40588 | Vaults:3 | 40588 ||| FLEEEEING.
 40589 | Vaults:3 | 40589 ||| FLEEEEING.
 40590 | Vaults:3 | 40590 ||| FLEEEEING.
 40591 | Vaults:3 | 40591 ||| FLEEEEING.
 40592 | Vaults:3 | 40592 ||| FLEEEEING.
 40593 | Vaults:3 | 40593 ||| FLEEEEING.
 40594 | Vaults:3 | 40594 ||| FLEEEEING.
 40598 | Vaults:3 | 40598 ||| FLEEEEING.
 40599 | Vaults:3 | 40599 ||| FLEEEEING.
 40600 | Vaults:3 | 40600 ||| FLEEEEING.
 40601 | Vaults:3 | 40601 ||| FLEEEEING.
 40602 | Vaults:3 | 40602 ||| FLEEEEING.
 40603 | Vaults:3 | 40603 ||| FLEEEEING.
 40604 | Vaults:3 | 40604 ||| FLEEEEING.
 40605 | Vaults:3 | 40605 ||| FLEEEEING.
 40606 | Vaults:3 | 40606 ||| FLEEEEING.
 40607 | Vaults:3 | 40607 ||| FLEEEEING.
 40608 | Vaults:3 | 40608 ||| FLEEEEING.
 40609 | Vaults:3 | 40609 ||| FLEEEEING.
 40610 | Vaults:3 | 40610 ||| FLEEEEING.
 40611 | Vaults:3 | 40611 ||| FLEEEEING.
 40612 | Vaults:3 | 40612 ||| FLEEEEING.
 40613 | Vaults:3 | 40613 ||| FLEEEEING.
 40614 | Vaults:3 | 40614 ||| FLEEEEING.
 40615 | Vaults:3 | 40615 ||| FLEEEEING.
 40616 | Vaults:3 | 40616 ||| FLEEEEING.
 40617 | Vaults:3 | 40617 ||| FLEEEEING.
 40618 | Vaults:3 | 40618 ||| FLEEEEING.
 40620 | Vaults:3 | 40620 ||| FLEEEEING.
 40632 | Vaults:3 | 40632 ||| FLEEEEING.
 40633 | Vaults:3 | 40633 ||| FLEEEEING.
 40634 | Vaults:3 | 40634 ||| FLEEEEING.
 40635 | Vaults:3 | 40635 ||| FLEEEEING.
 40645 | Vaults:3 | 40645 ||| INVOKING Trog's Hand.
 41010 | Vaults:3 | 41010 ||| FLEEEEING.
 41011 | Vaults:3 | 41011 ||| FLEEEEING.
 41012 | Vaults:3 | 41012 ||| FLEEEEING.
 41013 | Vaults:3 | 41013 ||| FLEEEEING.
 41014 | Vaults:3 | 41014 ||| FLEEEEING.
 41015 | Vaults:3 | 41015 ||| FLEEEEING.
 41016 | Vaults:3 | 41016 ||| FLEEEEING.
 41017 | Vaults:3 | 41017 ||| FLEEEEING.
 41018 | Vaults:3 | 41018 ||| FLEEEEING.
 41019 | Vaults:3 | 41019 ||| FLEEEEING.
 41020 | Vaults:3 | 41020 ||| FLEEEEING.
 41021 | Vaults:3 | 41021 ||| FLEEEEING.
 41022 | Vaults:3 | 41022 ||| FLEEEEING.
 41023 | Vaults:3 | 41023 ||| FLEEEEING.
 41024 | Vaults:3 | 41024 ||| FLEEEEING.
 41025 | Vaults:3 | 41025 ||| FLEEEEING.
 41026 | Vaults:3 | 41026 ||| FLEEEEING.
 41032 | Vaults:3 | 41032 ||| FLEEEEING.
 41033 | Vaults:3 | 41033 ||| FLEEEEING.
 41034 | Vaults:3 | 41034 ||| FLEEEEING.
 41035 | Vaults:3 | 41035 ||| FLEEEEING.
 41036 | Vaults:3 | 41036 ||| FLEEEEING.
 41042 | Vaults:3 | 41042 ||| FLEEEEING.
 41043 | Vaults:3 | 41043 ||| FLEEEEING.
 41044 | Vaults:3 | 41044 ||| FLEEEEING.
 41051 | Vaults:3 | 41051 ||| FLEEEEING.
 41052 | Vaults:3 | 41052 ||| FLEEEEING.
 41057 | Vaults:3 | 41057 ||| FLEEEEING.
 41058 | Vaults:3 | 41058 ||| FLEEEEING.
 41059 | Vaults:3 | 41059 ||| FLEEEEING.
 41062 | Vaults:3 | 41062 ||| STAIRDANCE
 41166 | Vaults:3 | 41166 ||| STAIRDANCE
 41270 | Vaults:3 | 41270 ||| INVOKING Trog's Hand.
 41323 | Vaults:3 | 41323 ||| Stepping ~*~*~tactically~*~*~ (hiding).
 41327 | Vaults:3 | 41327 ||| Stepping ~*~*~tactically~*~*~ (hiding).
 41328 | Vaults:3 | 41328 ||| Stepping ~*~*~tactically~*~*~ (hiding).
 41545 | Vaults:4 | 41545 ||| STAIRDANCE
 41557 | Vaults:4 | 41557 ||| STAIRDANCE
 41559 | Vaults:3 | 41559 ||| INVOKING Brothers in Arms.
 41609 | Vaults:4 | 41609 ||| INVOKING Brothers in Arms.
 41612 | Vaults:4 | 41612 ||| INVOKING Berserk.
 41761 | Vaults:4 | 41761 ||| INVOKING Trog's Hand.
 41767 | Vaults:4 | 41767 ||| Stepping ~*~*~tactically~*~*~ (hiding).
 41768 | Vaults:4 | 41768 ||| Stepping ~*~*~tactically~*~*~ (hiding).
 41803 | Vaults:4 | 41803 ||| INVOKING Trog's Hand.
 41840 | Vaults:4 | 41840 ||| INVOKING Trog's Hand.
 41847 | Vaults:4 | Found Tuxtuwus's Weapon Emporium.
 41904 | Vaults:4 | 41904 ||| DRINKING potion of resistance.
 41931 | Vaults:4 | 41931 ||| Stepping ~*~*~tactically~*~*~ (hiding).
 41933 | Vaults:4 | 41933 ||| Stepping ~*~*~tactically~*~*~ (stealth).
 41973 | Vaults:4 | 41973 ||| Stepping ~*~*~tactically~*~*~ (stealth).
 41975 | Vaults:4 | 41975 ||| Stepping ~*~*~tactically~*~*~ (stealth).
 41977 | Vaults:4 | 41977 ||| Stepping ~*~*~tactically~*~*~ (hiding).
 41993 | Vaults:4 | 41993 ||| INVOKING Trog's Hand.
 42036 | Vaults:4 | 42036 ||| FLEEEEING.
 42038 | Vaults:4 | 42038 ||| FLEEEEING.
 42039 | Vaults:4 | 42039 ||| FLEEEEING.
 42040 | Vaults:4 | 42040 ||| FLEEEEING.
 42041 | Vaults:4 | 42041 ||| FLEEEEING.
 42042 | Vaults:4 | 42042 ||| FLEEEEING.
 42043 | Vaults:4 | 42043 ||| FLEEEEING.
 42045 | Vaults:4 | 42045 ||| FLEEEEING.
 42046 | Vaults:4 | 42046 ||| FLEEEEING.
 42047 | Vaults:4 | 42047 ||| FLEEEEING.
 42056 | Vaults:4 | 42056 ||| FLEEEEING.
 42057 | Vaults:4 | 42057 ||| FLEEEEING.
 42058 | Vaults:4 | 42058 ||| FLEEEEING.
 42059 | Vaults:4 | 42059 ||| FLEEEEING.
 42072 | Vaults:4 | 42072 ||| FLEEEEING.
 42073 | Vaults:4 | 42073 ||| FLEEEEING.
 42074 | Vaults:4 | 42074 ||| FLEEEEING.
 42075 | Vaults:4 | 42075 ||| Stepping ~*~*~tactically~*~*~ (hiding).
 42076 | Vaults:4 | 42076 ||| FLEEEEING.
 42077 | Vaults:4 | 42077 ||| INVOKING Trog's Hand.
 42096 | Vaults:4 | 42096 ||| INVOKING Berserk.
 42099 | Vaults:4 | Reached XP level 20. HP: 136/202 MP: 19/19
 42100 | Vaults:4 | Reached skill level 23 in Fighting
 42312 | Vaults:4 | 42312 ||| Stepping ~*~*~tactically~*~*~ (hiding).
 42314 | Vaults:4 | 42314 ||| Stepping ~*~*~tactically~*~*~ (hiding).
 42318 | Vaults:4 | 42318 ||| INVOKING Trog's Hand.
 42681 | Vaults:4 | 42681 ||| Stepping ~*~*~tactically~*~*~ (hiding).
 42683 | Vaults:4 | 42683 ||| Stepping ~*~*~tactically~*~*~ (hiding).
 42763 | Vaults:4 | 42763 ||| Stepping ~*~*~tactically~*~*~ (hiding).
 42768 | Abyss:3  | Cast into level 3 of the Abyss (a wizard)
 42801 | Abyss:3  | Noticed a bone dragon
 42804 | Abyss:3  | 42804 ||| Stepping ~*~*~tactically~*~*~ (hiding).
 42817 | Abyss:3  | Killed a bone dragon
 42829 | Vaults:4 | Escaped the Abyss
 42868 | Vaults:4 | 42868 ||| INVOKING Trog's Hand.
 42873 | Vaults:4 | 42873 ||| INVOKING Brothers in Arms.
 42875 | Vaults:4 | 42875 ||| INVOKING Berserk.
 43048 | Vaults:4 | 43048 ||| INVOKING Trog's Hand.
 43111 | Vaults:4 | 43111 ||| Stepping ~*~*~tactically~*~*~ (hiding).
 43112 | Vaults:4 | 43112 ||| Stepping ~*~*~tactically~*~*~ (hiding).
 43129 | Vaults:4 | 43129 ||| Stepping ~*~*~tactically~*~*~ (hiding).
 43131 | Vaults:4 | 43131 ||| Stepping ~*~*~tactically~*~*~ (hiding).
 43256 | Vaults:4 | 43256 ||| INVOKING Trog's Hand.
 43425 | Vaults:4 | 43425 ||| PLANNING SHOALS:4
 43662 | Shoals:4 | Entered Level 4 of the Shoals
 43668 | Shoals:4 | 43668 ||| INVOKING Trog's Hand.
 43671 | Shoals:4 | 43671 ||| Stepping ~*~*~tactically~*~*~ (water).
 43691 | Shoals:4 | 43691 ||| INVOKING Trog's Hand.
 43709 | Shoals:4 | 43709 ||| INVOKING Trog's Hand.
 43718 | Shoals:4 | 43718 ||| Stepping ~*~*~tactically~*~*~ (hiding).
 43728 | Shoals:4 | 43728 ||| Stepping ~*~*~tactically~*~*~ (hiding).
 43733 | Shoals:4 | 43733 ||| Stepping ~*~*~tactically~*~*~ (hiding).
 43739 | Shoals:4 | 43739 ||| INVOKING Trog's Hand.
 43805 | Shoals:4 | 43805 ||| INVOKING Trog's Hand.
 43809 | Shoals:4 | 43809 ||| READING 28 scrolls of teleportation.
 43810 | Shoals:4 | 43810 ||| Stepping randomly (stuck).
 43812 | Shoals:4 | 43812 ||| Stepping randomly (stuck).
 43852 | Shoals:4 | 43852 ||| INVOKING Trog's Hand.
 43871 | Shoals:4 | Received a gift from Trog
 43892 | Shoals:4 | 43892 ||| INVOKING Trog's Hand.
 43899 | Shoals:4 | 43899 ||| INVOKING Trog's Hand.
 43951 | Shoals:4 | 43951 ||| Stepping ~*~*~tactically~*~*~ (hiding).
 43954 | Shoals:4 | 43954 ||| Stepping ~*~*~tactically~*~*~ (hiding).
 43956 | Shoals:4 | 43956 ||| INVOKING Trog's Hand.
 43958 | Shoals:4 | 43958 ||| Stepping ~*~*~tactically~*~*~ (hiding).
 43970 | Shoals:4 | 43970 ||| Stepping ~*~*~tactically~*~*~ (hiding).
 43986 | Shoals:4 | 43986 ||| INVOKING Trog's Hand.
 44006 | Shoals:4 | Reached skill level 24 in Fighting
 44013 | Shoals:4 | 44013 ||| Stepping ~*~*~tactically~*~*~ (hiding).
 44063 | Shoals:4 | 44063 ||| Stepping ~*~*~tactically~*~*~ (stealth).
 44065 | Shoals:4 | 44065 ||| Stepping ~*~*~tactically~*~*~ (stealth).
 44079 | Shoals:4 | Got a barnacled rune of Zot
 44181 | Shoals:4 | 44181 ||| PLANNING DEPTHS
 44403 | Depths:1 | Entered Level 1 of the Depths
 44403 | Depths:1 | Found Tepheado's Assorted Antiques.
 44404 | Depths:1 | 44404 ||| INVOKING Brothers in Arms.
 44406 | Depths:1 | 44406 ||| INVOKING Berserk.
 44427 | Depths:1 | 44427 ||| INVOKING Brothers in Arms.
 44449 | Depths:1 | Reached skill level 12 in Throwing
 44453 | Depths:1 | 44453 ||| BUYING potion of curing (126 gold).
 44453 | Depths:1 | Bought a potion of curing for 126 gold pieces
 44453 | Depths:1 | 44453 ||| BUYING potion of curing (126 gold).
 44453 | Depths:1 | Bought a potion of curing for 126 gold pieces
 44534 | Depths:1 | Found an opulent altar of Gozag.
 44658 | Depths:1 | Identified the +1 tower shield "Xantonym" {rCorr MP+9
                  | Str-4}
 44659 | Depths:1 | Found a one-way gateway to a ziggurat.
 44681 | Depths:1 | HP: 48/206 [daeva/divine providence (11)]
 44682 | Depths:1 | 44682 ||| READING 28 scrolls of teleportation.
 44683 | Depths:1 | 44683 ||| DRINKING 11 potions of heal wounds.
 44684 | Depths:1 | 44684 ||| DRINKING 10 potions of heal wounds.
 44687 | Depths:1 | 44687 ||| Stepping ~*~*~tactically~*~*~ (stealth).
 44688 | Depths:1 | 44688 ||| Stepping ~*~*~tactically~*~*~ (stealth).
 44696 | Depths:1 | 44696 ||| Stepping ~*~*~tactically~*~*~ (stealth).
 44698 | Depths:1 | 44698 ||| INVOKING Berserk.
 44706 | Depths:1 | 44706 ||| INVOKING Brothers in Arms.
 44707 | Depths:1 | 44707 ||| INVOKING Brothers in Arms.
 44714 | Depths:1 | 44714 ||| INVOKING Brothers in Arms.
 44814 | Depths:1 | 44814 ||| Stepping ~*~*~tactically~*~*~ (hiding).
 44815 | Depths:1 | 44815 ||| Stepping ~*~*~tactically~*~*~ (hiding).
 44853 | Depths:1 | 44853 ||| Stepping ~*~*~tactically~*~*~ (hiding).
 44854 | Depths:1 | 44854 ||| Stepping ~*~*~tactically~*~*~ (hiding).
 44982 | Depths:1 | HP: 49/206 [daeva/divine providence (9)]
 44983 | Depths:1 | 44983 ||| READING 27 scrolls of teleportation.
 44984 | Depths:1 | 44984 ||| DRINKING 9 potions of heal wounds.
 45161 | Depths:1 | Found a gateway to Hell.
 45190 | Depths:1 | HP: 42/206 [daeva/divine providence (16)]
 45191 | Depths:1 | 45191 ||| READING 27 scrolls of teleportation.
 45192 | Depths:1 | 45192 ||| DRINKING 8 potions of heal wounds.
 45193 | Depths:1 | 45193 ||| DRINKING 7 potions of heal wounds.
 45195 | Depths:1 | 45195 ||| READING 26 scrolls of teleportation.
 45195 | Depths:1 | HP: 30/206 [daeva/divine providence (17)]
 45196 | Depths:1 | 45196 ||| DRINKING 6 potions of heal wounds.
 45353 | Depths:2 | 45353 ||| STAIRDANCE
 45424 | Depths:2 | 45424 ||| INVOKING Berserk.
 45476 | Depths:2 | 45476 ||| READING 25 scrolls of teleportation.
 45511 | Depths:2 | 45511 ||| Stepping ~*~*~tactically~*~*~ (stealth).
 45512 | Depths:2 | 45512 ||| Stepping ~*~*~tactically~*~*~ (hiding).
 45520 | Depths:2 | 45520 ||| INVOKING Berserk.
 45706 | Depths:2 | 45706 ||| INVOKING Berserk.
 45869 | Depths:2 | Reached XP level 21. HP: 205/214 MP: 20/20
 45896 | Depths:2 | Found a one-way gate leading to the halls of Pandemonium.
 46005 | Depths:2 | 46005 ||| INVOKING Brothers in Arms.
 46179 | Depths:2 | Found a bloodstained altar of Trog.
 46179 | Depths:2 | Found a transporter.
 46182 | Depths:2 | Noticed Poanarph's ghost (veteran GrVM)
 46182 | Depths:2 | Identified the +2 robe "Ephuar" {rElec rC++ Str-4 Int+2}
 46197 | Depths:2 | Found a transporter.
 46214 | Depths:2 | Noticed a juggernaut
 46293 | Depths:2 | 46293 ||| Stepping ~*~*~tactically~*~*~ (stealth).
 46443 | Depths:2 | 46443 ||| Stepping ~*~*~tactically~*~*~ (hiding).
 46447 | Depths:2 | 46447 ||| INVOKING Berserk.
 46459 | Depths:2 | 46459 ||| Stepping ~*~*~tactically~*~*~ (hiding).
 46462 | Depths:2 | 46462 ||| INVOKING Trog's Hand.
 46672 | Depths:2 | 46672 ||| INVOKING Trog's Hand.
 46758 | Depths:2 | 46758 ||| DROPPING scarf of resistance.
 46759 | Depths:2 | 46759 ||| DROPPING scarf of invisibility.
 46896 | Depths:3 | 46896 ||| INVOKING Brothers in Arms.
 46914 | Depths:3 | 46914 ||| INVOKING Berserk.
 47069 | Depths:3 | Found a one-way gate to the infinite horrors of the Abyss.
 47098 | Depths:3 | 47098 ||| Stepping ~*~*~tactically~*~*~ (hiding).
 47101 | Depths:3 | 47101 ||| Stepping ~*~*~tactically~*~*~ (hiding).
 47102 | Depths:3 | 47102 ||| Stepping ~*~*~tactically~*~*~ (stealth).
 47161 | Depths:3 | Found Majekeo's Jewellery Emporium.
 47169 | Depths:3 | 47169 ||| BUYING +6 ring of dexterity (576 gold).
 47169 | Depths:3 | Bought a +6 ring of dexterity for 576 gold pieces
 47169 | Depths:3 | 47169 ||| BUYING +6 ring of strength (576 gold).
 47169 | Depths:3 | Bought a +6 ring of strength for 576 gold pieces
 47169 | Depths:3 | 47169 ||| SHOPLISTING amulet of reflection (480 gold, have
                  | 142).
 47169 | Depths:3 | 47169 ||| SHOPLISTING ring "Dedghumi" {rElec rPois rC++
                  | Slay+4} (1752 gold, have 142).
 47217 | Depths:3 | 47217 ||| Stepping ~*~*~tactically~*~*~ (hiding).
 47219 | Depths:3 | 47219 ||| INVOKING Brothers in Arms.
 47255 | Depths:3 | Reached skill level 25 in Fighting
 47406 | Depths:3 | 47406 ||| INVOKING Berserk.
 47538 | Depths:3 | 47538 ||| Stepping ~*~*~tactically~*~*~ (hiding).
 47539 | Depths:3 | 47539 ||| Stepping ~*~*~tactically~*~*~ (hiding).
 47571 | Depths:3 | 47571 ||| Stepping ~*~*~tactically~*~*~ (hiding).
 47698 | Depths:3 | 47698 ||| DROPPING ring of positive energy.
 47699 | Depths:3 | 47699 ||| DROPPING ring of willpower.
 47700 | Depths:3 | 47700 ||| DROPPING +6 ring of dexterity.
 47701 | Depths:3 | 47701 ||| DROPPING ring "Tituatus" {rPois Will+ Str-2
                  | Dex+2}.
 47702 | Depths:3 | 47702 ||| DROPPING ring of protection from cold.
 47714 | Depths:4 | Entered Level 4 of the Depths
 47715 | Depths:4 | 47715 ||| INVOKING Brothers in Arms.
 47718 | Depths:4 | 47718 ||| INVOKING Trog's Hand.
 47719 | Depths:4 | 47719 ||| INVOKING Berserk.
 47858 | Depths:4 | 47858 ||| Stepping ~*~*~tactically~*~*~ (stealth).
 47859 | Depths:4 | 47859 ||| Stepping ~*~*~tactically~*~*~ (stealth).
 47864 | Depths:4 | Noticed a juggernaut
 47865 | Depths:4 | 47865 ||| Stepping ~*~*~tactically~*~*~ (stealth).
 47868 | Depths:4 | 47868 ||| INVOKING Brothers in Arms.
 47869 | Depths:4 | 47869 ||| INVOKING Berserk.
 47878 | Depths:4 | Killed a juggernaut
 47883 | Depths:4 | 47883 ||| DRINKING potion of resistance.
 47892 | Depths:4 | 47892 ||| DRINKING 18 potions of curing.
 47892 | Depths:4 | 47892 ||| (to cure confusion)
 48054 | Depths:4 | 48054 ||| INVOKING Trog's Hand.
 48085 | Depths:4 | 48085 ||| INVOKING Berserk.
 48194 | Depths:4 | 48194 ||| Stepping ~*~*~tactically~*~*~ (hiding).
 48242 | Depths:4 | 48242 ||| Stepping ~*~*~tactically~*~*~ (stealth).
 48259 | Depths:4 | 48259 ||| Stepping ~*~*~tactically~*~*~ (stealth).
 48268 | Depths:4 | 48268 ||| Stepping ~*~*~tactically~*~*~ (hiding).
 48273 | Depths:4 | 48273 ||| INVOKING Brothers in Arms.
 48274 | Depths:4 | 48274 ||| INVOKING Brothers in Arms.
 48278 | Depths:4 | 48278 ||| Stepping ~*~*~tactically~*~*~ (hiding).
 48283 | Depths:4 | 48283 ||| INVOKING Berserk.
 48314 | Depths:4 | 48314 ||| INVOKING Brothers in Arms.
 48379 | Depths:4 | 48379 ||| Stepping ~*~*~tactically~*~*~ (hiding).
 48534 | Depths:4 | 48534 ||| Stepping ~*~*~tactically~*~*~ (hiding).
 48544 | Depths:4 | 48544 ||| INVOKING Berserk.
 48680 | Depths:4 | Found a gate to the Realm of Zot.
 48680 | Depths:4 | Noticed a golden dragon
 48681 | Depths:4 | 48681 ||| INVOKING Brothers in Arms.
 48682 | Depths:4 | 48682 ||| INVOKING Brothers in Arms.
 48684 | Depths:4 | 48684 ||| INVOKING Berserk.
 48694 | Depths:4 | Killed a golden dragon
 48699 | Depths:4 | Reached skill level 15 in Dodging
 48699 | Depths:4 | Reached XP level 22. HP: 225/225 MP: 21/21
 49225 | Depths:4 | Found a portal to a secret trove of treasure.
 49386 | Depths:4 | 49386 ||| PLANNING VAULTS:5
 49386 | Depths:4 | 49386 ||| DROPPING ring of poison resistance.
 49621 | Vaults:5 | Entered Level 5 of the Vaults
 49623 | Vaults:5 | 49623 ||| STAIRDANCE
 49661 | Vaults:5 | 49661 ||| STAIRDANCE
 49707 | Vaults:5 | 49707 ||| STAIRDANCE
 49712 | Vaults:4 | 49712 ||| INVOKING Berserk.
 49715 | Vaults:4 | Reached skill level 15 in Throwing
 49789 | Vaults:5 | 49789 ||| STAIRDANCE
 49821 | Vaults:5 | 49821 ||| INVOKING Brothers in Arms.
 49829 | Vaults:5 | 49829 ||| INVOKING Berserk.
 49853 | Vaults:5 | 49853 ||| INVOKING Trog's Hand.
 49982 | Vaults:5 | 49982 ||| INVOKING Brothers in Arms.
 49990 | Vaults:5 | 49990 ||| INVOKING Berserk.
 50122 | Vaults:5 | Noticed Bai Suzhen
 50129 | Vaults:5 | Killed Bai Suzhen
 50147 | Vaults:5 | 50147 ||| INVOKING Trog's Hand.
 50152 | Vaults:5 | 50152 ||| INVOKING Berserk.
 50161 | Vaults:5 | Noticed an ancient lich
 50172 | Vaults:5 | Killed an ancient lich
 50208 | Vaults:5 | 50208 ||| INVOKING Berserk.
 50212 | Vaults:5 | Reached skill level 26 in Fighting
 50245 | Vaults:5 | 50245 ||| Stepping ~*~*~tactically~*~*~ (stealth).
 50249 | Vaults:5 | 50249 ||| INVOKING Berserk.
 50309 | Vaults:5 | 50309 ||| INVOKING Berserk.
 50325 | Vaults:5 | 50325 ||| INVOKING Trog's Hand.
 50385 | Vaults:5 | 50385 ||| Stepping ~*~*~tactically~*~*~ (stealth).
 50397 | Vaults:5 | 50397 ||| Stepping ~*~*~tactically~*~*~ (stealth).
 50427 | Vaults:5 | Identified the +8 lajatang "Baad Guq" {speed, Int+3}
 50432 | Vaults:5 | Noticed Jory
 50433 | Vaults:5 | 50433 ||| Stepping ~*~*~tactically~*~*~ (stealth).
 50434 | Vaults:5 | 50434 ||| Stepping ~*~*~tactically~*~*~ (stealth).
 50437 | Vaults:5 | 50437 ||| Stepping ~*~*~tactically~*~*~ (stealth).
 50447 | Vaults:5 | 50447 ||| INVOKING Trog's Hand.
 50462 | Vaults:5 | 50462 ||| INVOKING Berserk.
 50467 | Vaults:5 | Killed Jory
 50491 | Vaults:5 | 50491 ||| FLEEEEING.
 50495 | Vaults:5 | 50495 ||| STAIRDANCE
 50715 | Vaults:5 | 50715 ||| INVOKING Trog's Hand.
 50718 | Vaults:5 | 50718 ||| INVOKING Berserk.
 50733 | Vaults:5 | Reached skill level 21 in Armour
 50896 | Vaults:5 | Identified the +4 spear "Demonslayer" {holy, Stlth+}
 50907 | Vaults:5 | Identified the +3 trident of the Depths {vorpal, rF++
                  | rCorr}
 50908 | Vaults:5 | 50908 ||| Stepping ~*~*~tactically~*~*~ (hiding).
 51018 | Vaults:5 | 51018 ||| INVOKING Brothers in Arms.
 51019 | Vaults:5 | 51019 ||| INVOKING Brothers in Arms.
 51020 | Vaults:5 | 51020 ||| INVOKING Brothers in Arms.
 51021 | Vaults:5 | 51021 ||| INVOKING Berserk.
 51152 | Vaults:5 | Found Munar's Assorted Antiques.
 51160 | Vaults:5 | 51160 ||| BUYING 2 potions of haste (560 gold).
 51160 | Vaults:5 | Bought 2 potions of haste for 560 gold pieces
 51160 | Vaults:5 | 51160 ||| BUYING embroidered scarf (224 gold).
 51160 | Vaults:5 | Bought an embroidered scarf for 224 gold pieces
 51160 | Vaults:5 | 51160 ||| SHOPLISTING glowing hat (196 gold, have 158).
 51160 | Vaults:5 | 51160 ||| BUYING square peridot amulet (140 gold).
 51160 | Vaults:5 | Bought a square peridot amulet for 140 gold pieces
 51166 | Vaults:5 | Got a silver rune of Zot
 51185 | Vaults:5 | Identified the ring of Tesio {rPois rF- Str+6 Int+4 SInv}
 51338 | Vaults:5 | 51338 ||| Stepping ~*~*~tactically~*~*~ (stealth).
 51339 | Vaults:5 | 51339 ||| Stepping ~*~*~tactically~*~*~ (stealth).
 51343 | Vaults:5 | 51343 ||| FLEEEEING.
 51344 | Vaults:5 | 51344 ||| FLEEEEING.
 51345 | Vaults:5 | 51345 ||| FLEEEEING.
 51346 | Vaults:5 | 51346 ||| FLEEEEING.
 51347 | Vaults:5 | 51347 ||| FLEEEEING.
 51349 | Vaults:5 | 51349 ||| FLEEEEING.
 51350 | Vaults:5 | 51350 ||| FLEEEEING.
 51398 | Vaults:5 | 51398 ||| Stepping ~*~*~tactically~*~*~ (hiding).
 51401 | Vaults:5 | 51401 ||| INVOKING Berserk.
 51404 | Vaults:5 | Identified a scroll of acquirement
 51436 | Vaults:5 | 51436 ||| Stepping ~*~*~tactically~*~*~ (stealth).
 51445 | Vaults:5 | 51445 ||| READING scroll of acquirement.
 51445 | Vaults:5 | 51445 ||| ACQUIRING ring "Xiw Cuy" {Will+ EV+4}
 51445 | Vaults:5 | Acquired the ring "Xiw Cuy" {Will+ EV+4}
 51447 | Vaults:5 | 51447 ||| DROPPING ring of see invisible.
 51763 | Vaults:5 | 51763 ||| PLANNING SHOPPING SPREE
 51763 | Vaults:5 | 51763 ||| DROPPING +1 plate armour of willpower.
 51764 | Vaults:5 | 51764 ||| DROPPING scarf of resistance.
 51765 | Vaults:5 | 51765 ||| DROPPING +1 pair of boots of stealth.
 51766 | Vaults:5 | 51766 ||| UPGRADING to amulet of reflection.
 51776 | Vaults:5 | 51776 ||| DROPPING amulet of regeneration.
 51777 | Vaults:5 | 51777 ||| UPGRADING to +4 ring of protection.
 51779 | Vaults:5 | 51779 ||| DROPPING +6 ring of strength.
 51780 | Vaults:5 | 51780 ||| UPGRADING to ring of Tesio {rPois rF- Str+6 Int+4
                  | SInv}.
 51782 | Vaults:5 | 51782 ||| DROPPING +6 ring of strength.
 51783 | Vaults:5 | 51783 ||| UPGRADING to ring "Xiw Cuy" {Will+ EV+4}.
 51785 | Vaults:5 | 51785 ||| DROPPING ring of see invisible.
 51786 | Vaults:5 | 51786 ||| CLEARING SHOPPING LIST
 51786 | Vaults:5 | 51786 ||| PLANNING ZOT:1-4
 51786 | Vaults:5 | 51786 ||| READING 29 scrolls of teleportation.
 52043 | Zot:1    | Entered Level 1 of the Realm of Zot
 52050 | Zot:1    | 52050 ||| Stepping ~*~*~tactically~*~*~ (hiding).
 52051 | Zot:1    | 52051 ||| Stepping ~*~*~tactically~*~*~ (hiding).
 52106 | Zot:1    | You fall into a shaft and drop 1 floor!
 52106 | Zot:2    | Noticed a curse toe
 52107 | Zot:2    | 52107 ||| INVOKING Brothers in Arms.
 52108 | Zot:2    | 52108 ||| INVOKING Brothers in Arms.
 52109 | Zot:2    | 52109 ||| INVOKING Berserk.
 52123 | Zot:2    | Killed a curse toe
 52259 | Zot:2    | Noticed a Killer Klown
 52259 | Zot:2    | Noticed a Killer Klown
 52259 | Zot:2    | Noticed a Killer Klown
 52259 | Zot:2    | Noticed a Killer Klown
 52259 | Zot:2    | Noticed a Killer Klown
 52259 | Zot:2    | 52259 ||| INVOKING Berserk.
 52259 | Zot:2    | Noticed a Killer Klown
 52259 | Zot:2    | Noticed a Killer Klown
 52274 | Zot:2    | Killed a Killer Klown
 52275 | Zot:2    | Reached XP level 23. HP: 236/236 MP: 22/22
 52276 | Zot:2    | Killed a Killer Klown
 52283 | Zot:2    | Killed a Killer Klown
 52284 | Zot:2    | Killed a Killer Klown
 52287 | Zot:2    | Killed a Killer Klown
 52297 | Zot:2    | Killed a Killer Klown
 52298 | Zot:2    | a Killer Klown changed into a rockslime
 52421 | Zot:2    | Identified the +1 ring mail of Time Monsters {Regen+}
 52803 | Zot:1    | 52803 ||| INVOKING Berserk.
 52938 | Zot:1    | 52938 ||| Stepping ~*~*~tactically~*~*~ (stealth).
 52939 | Zot:1    | 52939 ||| Stepping ~*~*~tactically~*~*~ (stealth).
 53029 | Zot:1    | Reached skill level 1 in Evocations
 53431 | Zot:1    | 53431 ||| Stepping ~*~*~tactically~*~*~ (hiding).
 53563 | Zot:1    | 53563 ||| Stepping ~*~*~tactically~*~*~ (hiding).
 53564 | Zot:1    | 53564 ||| INVOKING Brothers in Arms.
 53565 | Zot:1    | 53565 ||| INVOKING Brothers in Arms.
 53566 | Zot:1    | 53566 ||| INVOKING Berserk.
 53697 | Zot:1    | 53697 ||| Stepping randomly (cloudy).
 53698 | Zot:1    | 53698 ||| Stepping randomly (cloudy).
 54022 | Zot:1    | 54022 ||| Stepping ~*~*~tactically~*~*~ (hiding).
 54037 | Zot:1    | 54037 ||| Stepping ~*~*~tactically~*~*~ (hiding).
 54046 | Zot:1    | 54046 ||| Stepping ~*~*~tactically~*~*~ (hiding).
 54052 | Zot:1    | 54052 ||| Stepping ~*~*~tactically~*~*~ (hiding).
 54063 | Zot:1    | 54063 ||| Stepping ~*~*~tactically~*~*~ (hiding).
 54068 | Zot:1    | 54068 ||| INVOKING Berserk.
 54439 | Zot:1    | 54439 ||| Stepping randomly (cloudy).
 54441 | Zot:1    | Paralysed by you for 5 turns
 54569 | Zot:1    | Noticed a curse toe
 54577 | Zot:1    | 54577 ||| INVOKING Berserk.
 54583 | Zot:1    | Killed a curse toe
 54584 | Zot:1    | Reached skill level 3 in Evocations
 54638 | Zot:1    | 54638 ||| Stepping ~*~*~tactically~*~*~ (stealth).
 54643 | Zot:1    | 54643 ||| Stepping randomly (cloudy).
 54644 | Zot:1    | 54644 ||| Stepping randomly (cloudy).
 54645 | Zot:1    | 54645 ||| Stepping randomly (cloudy).
 54654 | Zot:1    | Noticed a curse toe
 54657 | Zot:1    | Killed a curse toe
 54704 | Zot:1    | 54704 ||| Stepping ~*~*~tactically~*~*~ (hiding).
 54715 | Zot:1    | 54715 ||| Stepping randomly (cloudy).
 54933 | Zot:2    | Found a transporter.
 54938 | Zot:2    | Found a transporter.
 54956 | Zot:2    | 54956 ||| INVOKING Brothers in Arms.
 54957 | Zot:2    | 54957 ||| INVOKING Brothers in Arms.
 54958 | Zot:2    | 54958 ||| INVOKING Brothers in Arms.
 54960 | Zot:2    | 54960 ||| INVOKING Berserk.
 55088 | Zot:2    | Found a transporter.
 55092 | Zot:2    | Found a transporter.
 55186 | Zot:2    | 55186 ||| INVOKING Berserk.
 55338 | Zot:2    | 55338 ||| Stepping ~*~*~tactically~*~*~ (hiding).
 55438 | Zot:2    | 55438 ||| Stepping ~*~*~tactically~*~*~ (stealth).
 55491 | Zot:2    | Found a transporter.
 55493 | Zot:2    | Found a transporter.
 55499 | Zot:2    | 55499 ||| INVOKING Berserk.
 55621 | Zot:2    | 55621 ||| DROPPING +4 ring of slaying {mikee}.
 55709 | Zot:3    | 55709 ||| INVOKING Berserk.
 55714 | Zot:3    | Reached skill level 27 in Fighting
 55872 | Zot:3    | 55872 ||| INVOKING Berserk.
 55911 | Zot:3    | 55911 ||| INVOKING Berserk.
 55926 | Zot:3    | HP: 83/360 [black draconian/bolt of lightning[a green
                  | draconian monk] (26)]
 55932 | Zot:3    | 55932 ||| READING 30 scrolls of teleportation.
 55933 | Zot:3    | 55933 ||| DRINKING 6 potions of heal wounds.
 56105 | Zot:3    | 56105 ||| INVOKING Brothers in Arms.
 56106 | Zot:3    | 56106 ||| INVOKING Brothers in Arms.
 56107 | Zot:3    | 56107 ||| INVOKING Brothers in Arms.
 56110 | Zot:3    | 56110 ||| INVOKING Berserk.
 56269 | Zot:3    | 56269 ||| INVOKING Berserk.
 56293 | Zot:3    | 56293 ||| Stepping ~*~*~tactically~*~*~ (hiding).
 56307 | Zot:3    | 56307 ||| Stepping ~*~*~tactically~*~*~ (stealth).
 56355 | Zot:3    | Identified the ring of Byegguir {rC++ rCorr Int+4 Dex+5}
 56377 | Zot:3    | 56377 ||| Stepping ~*~*~tactically~*~*~ (stealth).
 56379 | Zot:3    | 56379 ||| Stepping ~*~*~tactically~*~*~ (hiding).
 56391 | Zot:3    | 56391 ||| Stepping ~*~*~tactically~*~*~ (hiding).
 56399 | Zot:3    | 56399 ||| Stepping ~*~*~tactically~*~*~ (hiding).
 56419 | Zot:3    | 56419 ||| Stepping ~*~*~tactically~*~*~ (cloud).
 56533 | Zot:3    | Identified the +9 plate armour of the Arena {+Inv}
 56541 | Zot:3    | 56541 ||| INVOKING Berserk.
 57159 | Zot:3    | 57159 ||| UPGRADING to +2 cloak of willpower.
 57169 | Zot:3    | 57169 ||| DROPPING +2 cloak.
 57170 | Zot:3    | 57170 ||| UPGRADING to +9 plate armour of the Arena {+Inv}.
 57180 | Zot:3    | 57180 ||| DROPPING +5 chain mail "Dimotiwk" {Regen+ Str+3
                  | Dex+4}.
 57181 | Zot:3    | 57181 ||| UPGRADING to ring of Byegguir {rC++ rCorr Int+4
                  | Dex+5}.
 57319 | Zot:4    | 57319 ||| Stepping ~*~*~tactically~*~*~ (stealth).
 57320 | Zot:4    | 57320 ||| Stepping ~*~*~tactically~*~*~ (stealth).
 57322 | Zot:4    | 57322 ||| INVOKING Berserk.
 57458 | Zot:4    | Gained mutation: You are frail. (-10% HP) [mutagenic glow]
 57459 | Zot:4    | 57459 ||| DRINKING 10 potions of mutation.
 57459 | Zot:4    | Lost mutation: You are frail. (-10% HP) [potion of
                  | mutation]
 57459 | Zot:4    | Gained mutation: You are occasionally teleported next to
                  | monsters. [potion of mutation]
 57459 | Zot:4    | Gained mutation: You are partially covered in iridescent
                  | scales. (AC +2) [potion of mutation]
 57459 | Zot:4    | Gained mutation: You are mostly covered in iridescent
                  | scales. (AC +4) [potion of mutation]
 57470 | Zot:4    | Gained mutation: Your body sometimes deteriorates upon
                  | taking damage. [mutagenic glow]
 57500 | Zot:4    | Gained mutation: Your spells are a little easier to cast,
                  | but a little less powerful. [mutagenic glow]
 57537 | Zot:4    | 57537 ||| DRINKING 9 potions of mutation.
 57537 | Zot:4    | Lost mutation: Your body sometimes deteriorates upon taking
                  | damage. [potion of mutation]
 57537 | Zot:4    | Lost mutation: You are mostly covered in iridescent scales.
                  | (AC +4) [potion of mutation]
 57537 | Zot:4    | Lost mutation: Your spells are a little easier to cast, but
                  | a little less powerful. [potion of mutation]
 57537 | Zot:4    | Gained mutation: You have hidden genetic potential. [potion
                  | of mutation]
 57538 | Zot:4    | 57538 ||| DRINKING 8 potions of mutation.
 57538 | Zot:4    | Lost mutation: You are occasionally teleported next to
                  | monsters. [potion of mutation]
 57538 | Zot:4    | Lost mutation: You are partially covered in iridescent
                  | scales. (AC +2) [potion of mutation]
 57538 | Zot:4    | Gained mutation: You have very sharp teeth. [potion of
                  | mutation]
 57538 | Zot:4    | Gained mutation: You are weak. (Str -2) [potion of
                  | mutation]
 57669 | Zot:4    | 57669 ||| Stepping ~*~*~tactically~*~*~ (stealth).
 57670 | Zot:4    | 57670 ||| Stepping ~*~*~tactically~*~*~ (stealth).
 57671 | Zot:4    | 57671 ||| Stepping ~*~*~tactically~*~*~ (stealth).
 57672 | Zot:4    | 57672 ||| Stepping ~*~*~tactically~*~*~ (stealth).
 57675 | Zot:4    | 57675 ||| INVOKING Berserk.
 57954 | Zot:4    | 57954 ||| INVOKING Berserk.
 58078 | Zot:4    | 58078 ||| Stepping ~*~*~tactically~*~*~ (hiding).
 58147 | Zot:4    | Noticed a Killer Klown
 58150 | Zot:4    | 58150 ||| INVOKING Berserk.
 58158 | Zot:4    | Killed a Killer Klown
 58159 | Zot:4    | Reached XP level 24. HP: 249/249 MP: 22/22
 58617 | Zot:4    | 58617 ||| Stepping randomly (disturbance).
 58618 | Zot:4    | 58618 ||| Stepping randomly (disturbance).
 58624 | Zot:4    | 58624 ||| Stepping ~*~*~tactically~*~*~ (hiding).
 58627 | Zot:4    | 58627 ||| INVOKING Berserk.
 58759 | Zot:4    | 58759 ||| Stepping ~*~*~tactically~*~*~ (hiding).
 58763 | Zot:4    | 58763 ||| INVOKING Berserk.
 58954 | Zot:4    | 58954 ||| Stepping ~*~*~tactically~*~*~ (stealth).
 59026 | Zot:4    | 59026 ||| Stepping ~*~*~tactically~*~*~ (hiding).
 59350 | Zot:4    | 59350 ||| Stepping ~*~*~tactically~*~*~ (stealth).
 59372 | Zot:4    | 59372 ||| PLANNING ORB
 59372 | Zot:4    | 59372 ||| DROPPING +2 tower shield.
 59421 | Zot:5    | Entered Level 5 of the Realm of Zot
 59428 | Zot:5    | 59428 ||| INVOKING Berserk.
 59460 | Zot:5    | HP: 61/249 [green draconian monk (7)]
 59461 | Zot:5    | 59461 ||| READING 30 scrolls of teleportation.
 59462 | Zot:5    | 59462 ||| DRINKING 5 potions of heal wounds.
 59463 | Zot:5    | 59463 ||| DRINKING 4 potions of heal wounds.
 59466 | Zot:5    | HP: 23/249 [storm dragon/bolt of lightning (43)]
 59466 | Zot:5    | Killed from afar by a purple draconian shifter

Levels and vault maps discovered:
D:1:      minmay_arrival_three_doors, layout_basic,
          shapermc_ecumenical_altar_gd, hangedman_abyss_or_decor_stabs,
          kennysheep_nondescript, amethyst_killhole,
          ebering_dispersal_statue_hall, hex_medium
D:2:      layout_rooms, kennysheep_generic_room_14
D:3:      layout_rooms, uniq_natasha
D:4:      layout_cave_pools, nzn_hepliaklqana_mist_gate,
          minmay_temple_entry_statues_pillars, uniq_duvessa
D:5:      layout_gridville, dancing_weapons_uskayaw, fedhas_altar_1,
          serial_shops, nicolae_take_the_stairs, nicolae_shop_behind_doors,
          nicolae_shop_bloodbath_and_beyond
D:6:      layout_loops_cross, okawaru_gym_becter, uniq_pikel,
          uniq_prince_ribbit1, uniq_sigmund
D:7:      layout_loops_ring, yredelemnul_forgotten_temple_becter,
          doesnt_xom_only_xom, serial_shops, nicolae_shop_crystal,
          minmay_quadrilaterals
D:8:      layout_basic, nicolae_overflow_quartered_altars, corner_web_ring
D:9:      layout_long_grid, nzn_wu_jian_contemplation, zombieorc2_lemuel
D:10:     layout_layer_cave, kb_lookout_dungeons_type, nicolae_water_bricks,
          st_stairs_8, glass_columns_a
D:11:     layout_roguey, erik_lair_island
D:12:     layout_rooms, serial_shops, nicolae_shop_trees
D:13:     nzn_winding_woodlands_cross [nzn_winding_woodlands_5x15_default,
          nzn_winding_woodlands_5x15_crooked, nzn_winding_woodlands_5x15_pool,
          nzn_winding_woodlands_5x15_sawtooth,
          nzn_winding_woodlands_15x15_five_gardens], layout_loops_ring,
          serial_rivers, chequers_serial_rivers_small_b,
          chequers_serial_rivers_large_b, chequers_serial_rivers_small_b,
          chequers_serial_rivers_room_a, chequers_serial_rivers_small_b,
          minmay_misc_feat_square, einodemon_barbed_minivault, uniq_josephine,
          uniq_snorg
D:14:     layout_gridville, lightli_vaults_fourway_checkpoint,
          chequers_serial_rivers_micro_e, serial_shops, shop,
          grunt_decor_arrowhead
D:15:     hangedman_depths_entry_try_elsewhere_first, layout_loops_ring,
          grunt_ministairs_2, nrook_mini_vaults, hive_lemuel
Lair:1:   layout_roguey, minivault_11
Lair:2:   layout_roguey, shoals_dummy_entry
Lair:3:   gammafunk_indiana_jones, layout_gridlike, dummy_spider_entry,
          gauntlet_entry_generic, wad_woods_06, minmay_holes
Lair:4:   layout_cellular_growth, serial_bayou, serial_bayou_pond_d,
          serial_bayou_crossing, serial_bayou_shore_a, serial_bayou_lagoon_a
Lair:5:   hangedman_lair_tendril_chambers, layout_hall_layers, slime_entry_1,
          infiniplex_staircase_pool
Shoals:1: layout_shoals, uniq_kirke, uniq_aizul, uniq_mlioglotl
Shoals:2: layout_shoals
Shoals:3: layout_shoals, serial_shops, nicolae_shop_behind_doors
Shoals:4: shoals_end_hellmonk_lost_city, serial_shops
Spider:1: layout_spider_delve, nicolae_spider_bug_shape
Spider:2: layout_chambers, ebering_ghost_xom, uniq_asterion
Spider:3: layout_cave_pods, hangedman_spider_tarantella_strand, uniq_arachne,
          uniq_agnes
Spider:4: hellmonk_spider_rune_endless_swarm, drop_trap
Orc:1:    layout_caves, serial_shops, nicolae_lakefront_shop
Orc:2:    kennysheep_orc_mage_school, layout_diamond_mine, serial_shops,
          freezing_bzr, basic_altar, portal_ice_cave_entry_ice_simulacra,
          nicolae_orc_stony_grotto
Vaults:1: st_lattice, nicolae_vaults_circle_grid_b, ontoclasm_vaults_pinch,
          vaults_mumra_lcd, vaults_room_grunt_arrival_ludios,
          nicolae_vaults_little_squares_5, ontoclasm_vaults_idyll,
          nicolae_vaults_yaktaur_gun_rack, dpeg_vaults_monster_box,
          vaults_dpeg_encased_lava, vaults_room_hallway,
          ontoclasm_vaults_ring_small, layout_vaults_big_room, serial_shops,
          shop
Vaults:2: ontoclasm_vaults_bender, minmay_crypt_entry_simple_corners,
          hangedman_vaults_snaps, ontoclasm_vaults_shuriken,
          ontoclasm_vaults_hangar, nicolae_vaults_angled_halls, v_rooms_2,
          vaults_room_pool, vaults_room_hallway, layout_vaults_quadrants,
          serial_shops, nicolae_shop_stone
Vaults:3: nicolae_vaults_hallways_thing, nicolae_vaults_alarming,
          nicolae_vaults_network_star, nicolae_vaults_specimen_jars, v_misc_17,
          v_pattern_4, nicolae_vaults_circle_grid_b, ontoclasm_vaults_gateway,
          hangedman_vaults_cutoff, nicolae_vaults_circle_grid_a,
          nicolae_vaults_little_squares_2, ontoclasm_vaults_decontamination,
          v_misc_10, nicolae_vaults_little_squares_4, ontoclasm_vaults_chip,
          layout_vaults_omnicross, uniq_margery
Vaults:4: ontoclasm_vaults_loading_screen, grunt_vaults_twisty,
          hangedman_vaults_nails, hangedman_vaults_capsules,
          nicolae_vaults_angled_halls, grunt_vaults_hallway_short, v_misc_22,
          v_misc_26, special_room_vaults [special_room_orc],
          hangedman_vaults_hat, vaults_room_grid,
          nicolae_vaults_network_periphery, ontoclasm_vaults_idyll,
          layout_vaults_maze_snakey, serial_shops, shop_statue
Vaults:5: uniq_bai_suzhen, uniq_jory
Depths:1: layout_cave_pools, enter_ziggurat_d, hell_entry, serial_shops, shop,
          grunt_gozag_breadcrumbs, grunt_megastairs_5
Depths:2: dreamdust_cat_pyramid, layout_gridlike, serial_glass, glass_columns_a,
          glass_columns_b, minmay_strange_pillars, minmay_strange_pillars,
          rand_demon_pan_entry_1, pf_coc_iceberg,
          gammafunk_ghost_wrathful_warriors, serial_bayou_shore_b,
          infiniplex_staircase_zigzag_2
Depths:3: minmay_inner_zag, layout_cave_pools, serial_shops, nicolae_shop_stone,
          grunt_hell_horde, chequers_serial_rivers_micro_d,
          rand_demon_pan_entry_3, abyss_entry, infiniplex_staircase_pillars_2
Depths:4: grunt_zot_entry_tricorne, layout_gridville, minmay_door_square,
          hell_entry, nicolae_trove_entry_crystal, serial_bayou_shore_b
Zot:1:    gammafunk_mikee_crab_dinner, layout_cathedral_of_symmetry
Zot:2:    kennysheep_ambush_hall, layout_basic, drop_trap,
          serial_nicolae_subway, nicolae_sub_station_crystal,
          nicolae_sub_station_metal, nicolae_sub_station_stone
Zot:3:    layout_onion, grunt_megastairs_4
Zot:4:    kennysheep_blocky_room, layout_basic, st_stairs_2
Zot:5:    layout_basic

Skill      XL: |  1  2  3  4  5  6  7  8  9 10 11 12 13 14 15 16 17 18 19 20 21 22 23 24 |
---------------+-------------------------------------------------------------------------+-----
Axes           | 4 5 6 7 9 10 13 14 15 16 18 19 20 | 20.0
Throwing       | 1 2 4 5 8 9 10 11 13 14 15 16 | 16.0
Fighting       | 4 6 7 8 9 10 11 12 14 16 19 20 22 24 25 26 27 | 27.0
Armour         | 4 7 10 11 13 14 16 17 18 19 20 21 22 23 | 23.5
Dodging        | 3 4 5 9 10 11 12 13 14 15 16 | 16.0
Shields        | 7 11 14 17 18 19 20 21 22 23 | 23.0
Evocations     | 4 |  4.4

Action                   |  1- 3 |  4- 6 |  7- 9 | 10-12 | 13-15 | 16-18 | 19-21 | 22-24 || total
-------------------------+-------+-------+-------+-------+-------+-------+-------+-------++-------
Melee: Hand axe          |    64 |    53 |   130 |    12 |    44 |       |       |       ||   303
       Headbutt          |     8 |    11 |    28 |    96 |   215 |   316 |   364 |   270 ||  1308
       Punch             |       |     1 |       |     2 |       |       |       |       ||     3
       War axe           |       |       |    52 |   484 |   876 |  1246 |       |       ||  2658
       Broad axe         |       |       |       |       |       |    16 |  1167 |   844 ||  2027
       Bite              |       |       |       |       |       |       |       |    20 ||    20
Throw: Javelin           |    11 |    45 |     1 |    57 |   105 |    52 |    73 |    80 ||   424
       Boomerang         |       |     1 |    60 |    50 |    75 |   144 |     2 |     1 ||   333
Invok: Berserk           |       |     5 |    15 |    21 |    26 |    26 |    21 |    33 ||   147
       Brothers in Arms  |       |       |       |     3 |    11 |    16 |    16 |     7 ||    53
       Trog's Hand       |       |       |       |     1 |     9 |    14 |    32 |     5 ||    61
  Use: Scroll            |     5 |     2 |     6 |     9 |     7 |    12 |     8 |     4 ||    53
       Potion            |       |     2 |     1 |     2 |     4 |     7 |     9 |     6 ||    31
 Stab: Distracted        |       |       |     1 |     1 |       |     1 |       |     2 ||     5
       Held in net/web   |       |       |       |       |       |     1 |       |       ||     1
       Confused          |       |       |       |       |       |     1 |       |       ||     1
Armor: Ring mail         |    11 |     5 |     1 |       |       |       |       |       ||    17
       Animal skin       |     1 |       |       |       |       |       |       |       ||     1
       Scale mail        |       |       |     8 |       |       |       |       |       ||     8
       Chain mail        |       |       |    30 |    62 |    84 |   467 |   353 |   186 ||  1182
       Plate armour      |       |       |    29 |   184 |   288 |       |       |    98 ||   599
Dodge: Dodged            |    34 |    19 |    67 |   118 |   195 |   397 |   374 |   342 ||  1546
Block: Kite shield       |       |       |       |   162 |       |       |       |       ||   162
       Tower shield      |       |       |       |    47 |   923 |  1370 |  1121 |   903 ||  4364
       Reflection        |       |       |       |       |       |       |       |    11 ||    11

Table legend:
 A = Non-vault XP
 B = Vault XP
 C = Vault XP percentage of total XP
 D = Non-vault monster count
 E = Vault monster count
 F = Vault count percentage of total count
                 A         B        C        D         E       F
            +---------+---------+-------+---------+---------+-------
      Total |  639343 |  381815 |  37.4 |    1222 |     601 |  33.0
            +---------+---------+-------+---------+---------+-------
        D:1 |      21 |       0 |   0.0 |      12 |       0 |   0.0
        D:2 |      77 |       4 |   4.9 |      18 |       1 |   5.3
        D:3 |     125 |      35 |  21.9 |      19 |       1 |   5.0
        D:4 |     348 |     218 |  38.5 |      29 |       2 |   6.5
        D:5 |     739 |       0 |   0.0 |      20 |       0 |   0.0
        D:6 |     901 |    1158 |  56.2 |      18 |       3 |  14.3
        D:7 |     545 |     356 |  39.5 |       4 |       6 |  60.0
        D:8 |    1257 |       0 |   0.0 |      25 |       0 |   0.0
        D:9 |    1498 |     509 |  25.4 |       8 |      36 |  81.8
       D:10 |    3422 |     213 |   5.9 |      27 |       2 |   6.9
       D:11 |    3783 |     773 |  17.0 |      11 |       9 |  45.0
       D:12 |    5305 |       0 |   0.0 |      17 |       0 |   0.0
       D:13 |   10374 |   15302 |  59.6 |      22 |      35 |  61.4
       D:14 |   13734 |    6286 |  31.4 |      28 |      12 |  30.0
       D:15 |    7120 |    4143 |  36.8 |      16 |       6 |  27.3
     Lair:1 |    2129 |       0 |   0.0 |       9 |       0 |   0.0
     Lair:2 |    3462 |       0 |   0.0 |      11 |       0 |   0.0
     Lair:3 |    4774 |    1010 |  17.5 |      22 |       2 |   8.3
     Lair:4 |    5104 |       0 |   0.0 |      18 |       0 |   0.0
     Lair:5 |   22552 |   10169 |  31.1 |      49 |      36 |  42.4
   Shoals:1 |   18587 |    4713 |  20.2 |      40 |       4 |   9.1
   Shoals:2 |   15753 |       0 |   0.0 |      32 |       0 |   0.0
   Shoals:3 |   18543 |       0 |   0.0 |      44 |       0 |   0.0
   Shoals:4 |    6991 |   26409 |  79.1 |      18 |      40 |  69.0
   Spider:1 |   13784 |    5026 |  26.7 |      39 |       8 |  17.0
   Spider:2 |   12811 |    1674 |  11.6 |      33 |       1 |   2.9
   Spider:3 |   15077 |    3750 |  19.9 |      26 |       3 |  10.3
   Spider:4 |   25112 |   21615 |  46.3 |      52 |      40 |  43.5
      Orc:1 |    5229 |       0 |   0.0 |      62 |       0 |   0.0
      Orc:2 |    3207 |    7984 |  71.3 |      39 |      41 |  51.2
   Vaults:1 |   14328 |   18741 |  56.7 |      24 |      25 |  51.0
   Vaults:2 |   40887 |   12031 |  22.7 |      55 |      19 |  25.7
   Vaults:3 |   27057 |   30320 |  52.8 |      40 |      36 |  47.4
   Vaults:4 |   14519 |   57036 |  79.7 |      21 |      86 |  80.4
   Vaults:5 |   12626 |   69233 |  84.6 |      16 |      56 |  77.8
   Depths:1 |   30892 |    5205 |  14.4 |      39 |       6 |  13.3
   Depths:2 |   24349 |    8674 |  26.3 |      29 |       9 |  23.7
   Depths:3 |   36458 |   11072 |  23.3 |      43 |      16 |  27.1
   Depths:4 |   51365 |   18900 |  26.9 |      56 |      15 |  21.1
      Zot:1 |   32487 |    8658 |  21.0 |      31 |      10 |  24.4
      Zot:2 |   35657 |    8912 |  20.0 |      18 |       8 |  30.8
      Zot:3 |   48444 |    1850 |   3.7 |      42 |       2 |   4.5
      Zot:4 |   29033 |   15719 |  35.1 |      23 |      11 |  32.4
      Zot:5 |   15967 |       0 |   0.0 |      14 |       0 |   0.0
    Abyss:3 |    2910 |       0 |   0.0 |       3 |       0 |   0.0
   Gauntlet |       0 |    4117 | 100.0 |       0 |      14 | 100.0
            +---------+---------+-------+---------+---------+-------
